Workbook
Name TVA: 'données prév'!$B$19
Name txTVA: 'données prév'!$B$19

Sheet vent pdt série
A1: LE BUDGET DES VENTES | D1: CAS MACHINOUTILS
A3: MOIS | B3: VENTES Vo | C3: Valeurs ajustées Va | D3: Rapports Vo / Va
A4: 1 | B4: 1900 | C4: =A4*$A$43+$B$43 -> 1600.1502 | D4: =B4/C4 -> 1.1873886
A5: 2 | B5: 1800 | C5: =A5*$A$43+$B$43 -> 1591.8876 | D5: =B5/C5 -> 1.1307331
A6: 3 | B6: 1800 | C6: =A6*$A$43+$B$43 -> 1583.6251 | D6: =B6/C6 -> 1.1366327
A7: 4 | B7: 2000 | C7: =A7*$A$43+$B$43 -> 1575.3625 | D7: =B7/C7 -> 1.2695491
A8: 5 | B8: 1500 | C8: =A8*$A$43+$B$43 -> 1567.1 | D8: =B8/C8 -> 0.95718208
A9: 6 | B9: 1900 | C9: =A9*$A$43+$B$43 -> 1558.8374 | D9: =B9/C9 -> 1.2188571
A10: 7 | B10: 1000 | C10: =A10*$A$43+$B$43 -> 1550.5749 | D10: =B10/C10 -> 0.6449221
A11: 8 | B11: 600 | C11: =A11*$A$43+$B$43 -> 1542.3123 | D11: =B11/C11 -> 0.38902627
A12: 9 | B12: 1800 | C12: =A12*$A$43+$B$43 -> 1534.0498 | D12: =B12/C12 -> 1.1733648
A13: 10 | B13: 2000 | C13: =A13*$A$43+$B$43 -> 1525.7872 | D13: =B13/C13 -> 1.3107988
A14: 11 | B14: 1600 | C14: =A14*$A$43+$B$43 -> 1517.5247 | D14: =B14/C14 -> 1.0543486
A15: 12 | B15: 1200 | C15: =A15*$A$43+$B$43 -> 1509.2621 | D15: =B15/C15 -> 0.79509052
... A28: 25 | B28: 1400 | C28: =A28*$A$43+$B$43 -> 1401.849 | D28: =B28/C28 -> 0.99868103
A29: 26 | B29: 1600 | C29: =A29*$A$43+$B$43 -> 1393.5864 | D29: =B29/C29 -> 1.1481168 | P29: :
A30: 27 | B30: 2000 | C30: =A30*$A$43+$B$43 -> 1385.3239 | D30: =B30/C30 -> 1.4437057
A31: 28 | B31: 1500 | C31: =A31*$A$43+$B$43 -> 1377.0613 | D31: =B31/C31 -> 1.0892761
A32: 29 | B32: 1000 | C32: =A32*$A$43+$B$43 -> 1368.7988 | D32: =B32/C32 -> 0.73056756
A33: 30 | B33: 2500 | C33: =A33*$A$43+$B$43 -> 1360.5363 | D33: =B33/C33 -> 1.8375108
A34: 31 | B34: 900 | C34: =A34*$A$43+$B$43 -> 1352.2737 | D34: =B34/C34 -> 0.66554574
A35: 32 | B35: 400 | C35: =A35*$A$43+$B$43 -> 1344.0112 | D35: =B35/C35 -> 0.29761658
A36: 33 | B36: 1200 | C36: =A36*$A$43+$B$43 -> 1335.7486 | D36: =B36/C36 -> 0.89837264
A37: 34 | B37: 2400 | C37: =A37*$A$43+$B$43 -> 1327.4861 | D37: =B37/C37 -> 1.8079286
A38: 35 | B38: 2000 | C38: =A38*$A$43+$B$43 -> 1319.2235 | D38: =B38/C38 -> 1.5160433
A39: 36 | B39: 1000 | C39: =A39*$A$43+$B$43 -> 1310.961 | D39: =B39/C39 -> 0.76279922
A41: Equation y = a x + b
A42: Valeur de a | B42: valeur de b
A43: =SLOPE(B4:B39,A4:A39) -> -8.2625483 | B43: =INTERCEPT(B4:B39,A4:A39) -> 1608.4127
D44: ventes prévisionnelles 2018
B45: Coef saisonniers | C45: N° mois | D45: sans saiso | E45: avec saiso | F45: avec majoration
A46: Janvier | B46: =(D4+D16+D28)/3 -> 1.1284235 | C46: 37 | D46: =C46*$A$43+$B$43 -> 1302.6984 | E46: =D46*B46 -> 1469.9955 | F46: =ROUNDDOWN(E46*1.05,0) -> 1543
A47: Février | B47: =(D5+D17+D29)/3 -> 1.0945718 | C47: 38 | D47: =C47*$A$43+$B$43 -> 1294.4359 | E47: =D47*B47 -> 1416.853 | F47: =ROUNDDOWN(E47*1.05,0) -> 1487
A48: Mars | B48: =(D6+D18+D30)/3 -> 1.2418416 | C48: 39 | D48: =C48*$A$43+$B$43 -> 1286.1733 | E48: =D48*B48 -> 1597.2235 | F48: =ROUNDDOWN(E48*1.05,0) -> 1677
A49: Avril | B49: =(D7+D19+D31)/3 -> 1.0572389 | C49: 40 | D49: =C49*$A$43+$B$43 -> 1277.9108 | E49: =D49*B49 -> 1351.0569 | F49: =ROUNDDOWN(E49*1.05,0) -> 1418
A50: Mai | B50: =(D8+D20+D32)/3 -> 0.90319441 | C50: 41 | D50: =C50*$A$43+$B$43 -> 1269.6482 | E50: =D50*B50 -> 1146.7392 | F50: =ROUNDDOWN(E50*1.05,0) -> 1204
A51: Juin | B51: =(D9+D21+D33)/3 -> 1.5211801 | C51: 42 | D51: =C51*$A$43+$B$43 -> 1261.3857 | E51: =D51*B51 -> 1918.7948 | F51: =ROUNDDOWN(E51*1.05,0) -> 2014
A52: Juillet | B52: =(D10+D22+D34)/3 -> 0.55165235 | C52: 43 | D52: =C52*$A$43+$B$43 -> 1253.1231 | E52: =D52*B52 -> 691.28832 | F52: =ROUNDDOWN(E52*1.05,0) -> 725
A53: Août | B53: =(D11+D23+D35)/3 -> 0.27507582 | C53: 44 | D53: =C53*$A$43+$B$43 -> 1244.8606 | E53: =D53*B53 -> 342.43104 | F53: =ROUNDDOWN(E53*1.05,0) -> 359
A54: Septembre | B54: =(D12+D24+D36)/3 -> 0.96934438 | C54: 45 | D54: =C54*$A$43+$B$43 -> 1236.598 | E54: =D54*B54 -> 1198.6893 | F54: =ROUNDDOWN(E54*1.05,0) -> 1258
A55: Octobre | B55: =(D13+D25+D37)/3 -> 1.3900505 | C55: 46 | D55: =C55*$A$43+$B$43 -> 1228.3355 | E55: =D55*B55 -> 1707.4483 | F55: =ROUNDDOWN(E55*1.05,0) -> 1792
A56: Novembre | B56: =(D14+D26+D38)/3 -> 1.1623114 | C56: 47 | D56: =C56*$A$43+$B$43 -> 1220.0729 | E56: =D56*B56 -> 1418.1047 | F56: =ROUNDDOWN(E56*1.05,0) -> 1489
A57: Décembre | B57: =(D15+D27+D39)/3 -> 0.70840692 | C57: 48 | D57: =C57*$A$43+$B$43 -> 1211.8104 | E57: =D57*B57 -> 858.45485 | F57: =ROUNDDOWN(E57*1.05,0) -> 901
E58: TOTAL | F58: =SUM(F46:F57) -> 15867

Sheet données prév
A1: Annexe 1 | B1: Historique des commandes (en quantités) des articles vendus sur stock
B2: janvier | C2: février | D2: mars | E2: avril | F2: mai | G2: juin | H2: juillet | I2: août | J2: septembre | K2: octobre | L2: novembre | M2: décembre
A3: 2015 | B3: 1900 | C3: 1800 | D3: 1800 | E3: 2000 | F3: 1500 | G3: 1900 | H3: 1000 | I3: 600 | J3: 1800 | K3: 2000 | L3: 1600 | M3: 1200
A4: 2016 | B4: 1800 | C4: 1500 | D4: 1700 | E4: 1200 | F4: 1500 | G4: 2200 | H4: 500 | I4: 200 | J4: 1200 | K4: 1500 | L4: 1300 | M4: 800
A5: 2017 | B5: 1400 | C5: 1600 | D5: 2000 | E5: 1500 | F5: 1000 | G5: 2500 | H5: 900 | I5: 400 | J5: 1200 | K5: 2400 | L5: 2000 | M5: 1000
A7: Annexe 2 | B7: Prévision 2018 de commandes par type de machine (en nombre)
B8: 43101 | C8: 43132 | D8: 43160 | E8: 43191 | F8: 43221 | G8: 43252 | H8: 43282 | I8: 43313 | J8: 43344 | K8: 43374 | L8: 43405 | M8: 43435 | N8: TOTAL
A9: Alpha France | B9: 2 | D9: 2 | G9: 1 | J9: 2 | M9: 1 | N9: =+SUM(B9:M9) -> 8
A10: Alpha Export | B10: 1 | F10: 3 | N10: =+SUM(B10:M10) -> 4
A11: TOTAL ALPHA | B11: =+B9+B10 -> 3 | C11: =+C9+C10 -> 0 | D11: =+D9+D10 -> 2 | E11: =+E9+E10 -> 0 | F11: =+F9+F10 -> 3 | G11: =+G9+G10 -> 1 | H11: =+H9+H10 -> 0 | I11: =+I9+I10 -> 0 | ... N11: =+N9+N10 -> 12
A12: Beta France | C12: 2 | D12: 3 | E12: 1 | I12: 2 | K12: 2 | L12: 1 | N12: =+SUM(B12:M12) -> 11
A13: Beta export | E13: 4 | L13: 2 | N13: =+SUM(B13:M13) -> 6
A14: TOTAL BETA | B14: =+B12+B13 -> 0 | C14: =+C12+C13 -> 2 | D14: =+D12+D13 -> 3 | E14: =+E12+E13 -> 5 | F14: =+F12+F13 -> 0 | G14: =+G12+G13 -> 0 | H14: =+H12+H13 -> 0 | I14: =+I12+I13 -> 2 | ... N14: =+N12+N13 -> 17
A15: gamma France | C15: 1 | F15: 1 | L15: 1 | N15: =+SUM(B15:M15) -> 3
A16: gamma Export | K16: 1 | M16: 1 | N16: =+SUM(B16:M16) -> 2
A17: TOTAL GAMMA | B17: =+B15+B16 -> 0 | C17: =+C15+C16 -> 1 | D17: =+D15+D16 -> 0 | E17: =+E15+E16 -> 0 | F17: =+F15+F16 -> 1 | G17: =+G15+G16 -> 0 | H17: =+H15+H16 -> 0 | I17: =+I15+I16 -> 0 | ... N17: =+N15+N16 -> 5
A19: TAUX DE TVA | B19: 0.2 | G19: Taux de change pr les machines commandées en 2017 | M19: 1.1
G20: Tx de change prévisionnel pr les machines commandées en 2018 | M20: 1.15
G21: Taux de change réel pr les machines commandées en 2018 | M21: 1.17
A22: standard 2017 | H22: standard 2018
A23: machines | B23: px de vente | C23: hh études | D23: h usinage 1 | E23: h usinage 2 | F23: h montage | G23: achats | H23: machines | I23: px vente | J23: h études | K23: h usinage 1 | L23: h usinage 2 | M23: h montage | N23: achats
A24: alpha France | B24: 150 | C24: 300 | D24: 250 | E24: 200 | F24: 400 | G24: 75 | H24: alpha France | I24: =B24 -> 150 | J24: =C24 -> 300 | K24: =D24 -> 250 | L24: =E24 -> 200 | M24: =F24*0.95 -> 380 | N24: =G24*1.02 -> 76.5
A25: alpha Export | B25: 190.4 | H25: alpha Export | I25: =B25 -> 190.4 | M25: =F25*0.95 -> 0 | N25: =G25*1.02 -> 0
A26: beta France | B26: 250 | C26: 500 | D26: 375 | E26: 300 | F26: 550 | G26: 100 | H26: beta France | I26: =B26 -> 250 | J26: =C26 -> 500 | K26: =D26 -> 375 | L26: =E26 -> 300 | M26: =F26*0.95 -> 522.5 | N26: =G26*1.02 -> 102
A27: beta Export | B27: 315 | H27: beta Export | I27: =B27 -> 315 | M27: =F27*0.95 -> 0 | N27: =G27*1.02 -> 0
A28: gamma France | B28: 500 | C28: 800 | D28: 600 | E28: 400 | F28: 950 | G28: 240 | H28: gamma France | I28: =B28 -> 500 | J28: =C28 -> 800 | K28: =D28 -> 600 | L28: =E28 -> 400 | M28: =F28*0.95 -> 902.5 | N28: =G28*1.02 -> 244.8
A29: gamma Export | B29: 625.1 | H29: gamma Export | I29: =B29 -> 625.1 | M29: =F29*0.95 -> 0 | N29: =G29*1.02 -> 0
A30: pdts en serie | B30: 0.5 | E30: =2+5/60 -> 2.0833333 | F30: 2 | G30: 0.145 | H30: pdts en serie | I30: =B30*1.02 -> 0.51 | J30: =C30 -> 0 | K30: =D30 -> 0 | L30: =E30 -> 2.0833333 | M30: =F30*0.95 -> 1.9 | N30: =G30*1.02 -> 0.1479
A32: Effectif prévu 2018 | B32: bur études | C32: usinage 1 | D32: usinage 2 | E32: montage | F32: entretien | G32: achats | H32: commercial | I32: admin | J32: informatiq | K32: RH | L32: Total
A33: ouvriers | C33: 7 | D33: 20 | E33: 32 | F33: 1 | L33: =SUM(B33:K33) -> 60 | M33: DONNEES PREVISIONNELLES
A34: maitrise productive | B34: 8 | F34: 1 | L34: =SUM(B34:K34) -> 9
A35: maitrise | C35: 1 | D35: 2 | E35: 3 | G35: 3 | H35: 12 | I35: 6 | J35: 1 | K35: 1 | L35: =SUM(B35:K35) -> 29 | M35: PREVISIONNELLES | R35: =1617*L33+1771*L34+1771*L35+2695*L36+2695*L37+L38*3080 -> 230538
A36: Cadres productifs | B36: 5 | L36: =SUM(B36:K36) -> 5 | R36: =B47/1.23 -> 3252.0325
A37: cadres | G37: 1 | H37: 10 | I37: 2 | J37: 1 | K37: 1 | L37: =SUM(B37:K37) -> 15 | R37: =4000-(4000*0.23)/100 -> 3990.8
A38: cadres sup. | B38: 1 | C38: =1/3 -> 0.33333333 | D38: =1/3 -> 0.33333333 | E38: =1/3 -> 0.33333333 | H38: 1 | I38: 1 | L38: =SUM(B38:K38) -> 4
A39: Coût salarial (K€) | B39: =SUMPRODUCT(B33:B38,$F$42:$F$47)/1000 -> 766.57875 | C39: =SUMPRODUCT(C33:C38,$F$42:$F$47)/1000 -> 352.22917 | D39: =SUMPRODUCT(D33:D38,$F$42:$F$47)/1000 -> 920.91917 | E39: =SUMPRODUCT(E33:E38,$F$42:$F$47)/1000 -> 1449.2629 | F39: =SUMPRODUCT(F33:F38,$F$42:$F$47)/1000 -> 84.535 | G39: =SUMPRODUCT(G33:G38,$F$42:$F$47)/1000 -> 199.81 | H39: =SUMPRODUCT(H33:H38,$F$42:$F$47)/1000 -> 1279.5525 | I39: =SUMPRODUCT(I33:I38,$F$42:$F$47)/1000 -> 476.47 | ... K39: =SUMPRODUCT(K33:K38,$F$42:$F$47)/1000 -> 111.4325 | L39: =SUM(B39:K39) -> 5752.2225 | Q39: =4000*0.23 -> 920
Q40: =4000-Q39 -> 3080
A41: salaires 2018 en euros | B41: sal mensuel avt hausse | C41: sal mensuel ap hausse | D41: salaire annuel brut | E41: chges patro | F41: coût salarial annuel | H41: analyse de l'activité du bureau d'étude et des 3 ateliers | Q41: =B47*1.46/1.23 -> 4747.9675
A42: ouvriers | B42: 2100 | C42: =B42*(1+2.5%) -> 2152.5 | D42: =B42*3+C42*10 -> 27825 | E42: =D42*0.45 -> 12521.25 | F42: =D42+E42 -> 40346.25 | I42: nb de produits | K42: nb de machines/pdts passant en 2018 par :
A43: maitrise productive | B43: 2300 | C43: =B43*(1+2.5%) -> 2357.5 | D43: =B43*3+C43*10 -> 30475 | E43: =D43*0.45 -> 13713.75 | F43: =D43+E43 -> 44188.75 | I43: commandés en 2018 | K43: BE | L43: usinage 1 | M43: usinage 2 | N43: montage
A44: maitrise | B44: 2300 | C44: =B44*(1+2.5%) -> 2357.5 | D44: =B44*3+C44*10 -> 30475 | E44: =D44*0.45 -> 13713.75 | F44: =D44+E44 -> 44188.75 | H44: alpha | I44: =N11 -> 12 | K44: =N11-M11 -> 11 | L44: =N11-SUM(L11:M11) -> 11 | M44: =L44 -> 11 | N44: =N11-SUM(K11:M11)+2 -> 13
A45: Cadres productifs | B45: 3500 | C45: =B45*(1+2.5%) -> 3587.5 | D45: =B45*3+C45*10 -> 46375 | E45: =D45*0.45 -> 20868.75 | F45: =D45+E45 -> 67243.75 | H45: beta | I45: =N14 -> 17 | K45: =N14-M14 -> 17 | L45: =N14-SUM(L14:M14) -> 14 | M45: =L45 -> 14 | N45: =N14-SUM(K14:M14)+2 -> 14
A46: cadres | B46: 3500 | C46: =B46*(1+2.5%) -> 3587.5 | D46: =B46*3+C46*10 -> 46375 | E46: =D46*0.45 -> 20868.75 | F46: =D46+E46 -> 67243.75 | H46: gamma | I46: =N17 -> 5 | K46: =N17-M17 -> 4 | L46: =N17-SUM(L17:M17) -> 3 | M46: =L46 -> 3 | N46: =N17-SUM(K17:M17)+2 -> 4
A47: cadres sup. | B47: 4000 | C47: =B47*(1+2.5%) -> 4100 | D47: =B47*3+C47*10 -> 53000 | E47: =D47*0.45 -> 23850 | F47: =D47+E47 -> 76850 | H47: pdt en série | I47: ='vent pdt série'!F58 -> 15867 | K47: 0 | L47: 0 | M47: =I47 -> 15867 | N47: =I47 -> 15867
A49: Besoin en | B49: BUREAU ETUDES | D49: USINAGE 1 | F49: USINAGE 2 | H49: MONTAGE
A50: heures totales | B50: standards | C50: H totales | D50: standards | E50: H totales | F50: standards | G50: H totales | H50: standards | I50: H totales
A51: alpha | B51: =J24 -> 300 | C51: =B51*K44 -> 3300 | D51: =K24 -> 250 | E51: =D51*L44 -> 2750 | F51: =L24 -> 200 | G51: =F51*M44 -> 2200 | H51: =M24 -> 380 | I51: =N44*H51 -> 4940
A52: beta | B52: =J26 -> 500 | C52: =B52*K45 -> 8500 | D52: =K26 -> 375 | E52: =D52*L45 -> 5250 | F52: =L26 -> 300 | G52: =F52*M45 -> 4200 | H52: =M26 -> 522.5 | I52: =N45*H52 -> 7315
A53: gamma | B53: =J28 -> 800 | C53: =B53*K46 -> 3200 | D53: =K28 -> 600 | E53: =D53*L46 -> 1800 | F53: =L28 -> 400 | G53: =F53*M46 -> 1200 | H53: =M28 -> 902.5 | I53: =N46*H53 -> 3610
A54: pdt en série | B54: =J30 -> 0 | C54: =B54*K47 -> 0 | D54: =K30 -> 0 | E54: =D54*L47 -> 0 | F54: =L30 -> 2.0833333 | G54: =F54*M47 -> 33056.25 | H54: =M30 -> 1.9 | I54: =N47*H54 -> 30147.3
A55: R&D | C55: 5500
A56: besoin total | C56: =SUM(C51:C55) -> 20500 | E56: =SUM(E51:E55) -> 9800 | G56: =SUM(G51:G55) -> 40656.25 | I56: =SUM(I51:I55) -> 46012.3
B57: BUREAU ETUDES | D57: USINAGE 1 | F57: USINAGE 2 | H57: MONTAGE
A58: Potentiel | B58: nb sal prod | C58: H totales | D58: nb sal prod | E58: H totales | F58: nb sal prod | G58: H totales | H58: nb sal prod | I58: H totales
A59: en heures | B59: =B34+B36 -> 13 | C59: =B59*35/5*225*0.95*(1-2.5%) -> 18964.969 | D59: =C33 -> 7 | E59: =D59*35/5*225*0.95*(1-2.5%) -> 10211.906 | F59: =D33 -> 20 | G59: =F59*35/5*225*0.95*(1-2.5%)*3/2 -> 43765.312 | H59: =E33 -> 32 | I59: =H59*35/5*225*0.95*(1-2.5%) -> 46683
A61: détermination du recours à l'intérim et de la sous activité
A62: nb d'heur d'interim | C62: =IF(C56>C59,C56-C59,0) -> 1535.0312 | E62: =IF(E56>E59,E56-E59,0) -> 0 | G62: =IF(G56>G59,G56-G59,0) -> 0 | I62: =IF(I56>I59,I56-I59,0) -> 0
A64: heur de sous activité | C64: =IF(C56<C59,C56-C59,0) -> 0 | E64: =IF(E56<E59,-(E56-E59),0) -> 411.90625 | G64: =IF(G56<G59,-(G56-G59),0) -> 3109.0625 | I64: =IF(I56<I59,-(I56-I59),0) -> 670.7

Sheet coûts prévis
A1: Clés de répartition BATIMENT | B1: BE | C1: usinage 1 | D1: usinage 2 | E1: montage | F1: entretien | G1: achats | H1: commercial | I1: adm/RH | J1: informatiq. | K1: Total
A2: Surfaces brutes | B2: 300 | C2: 1500 | D2: 1500 | E2: 1500 | F2: 0 | G2: 100 | H2: 500 | I2: =240+60 -> 300 | J2: 50 | K2: =SUM(B2:J2) -> 5750
A3: surfaces corrigées | B3: =B2*2 -> 600 | C3: =C2 -> 1500 | D3: =D2 -> 1500 | E3: =E2 -> 1500 | F3: =F2 -> 0 | G3: =G2*2 -> 200 | H3: =H2*2 -> 1000 | I3: =I2*2 -> 600 | J3: =J2*2 -> 100 | K3: =SUM(B3:J3) -> 7000
A4: surfaces en % du total | B4: =B3/$K$3 -> 0.085714286 | C4: =C3/$K$3 -> 0.21428571 | D4: =D3/$K$3 -> 0.21428571 | E4: =E3/$K$3 -> 0.21428571 | F4: =F3/$K$3 -> 0 | G4: =G3/$K$3 -> 0.028571429 | H4: =H3/$K$3 -> 0.14285714 | I4: =I3/$K$3 -> 0.085714286 | J4: =J3/$K$3 -> 0.014285714 | K4: =SUM(B4:J4) -> 1
A5: Clés de répartition INFO | B5: BE | C5: usinage 1 | D5: usinage 2 | E5: montage | F5: entretien | G5: achats | H5: commercial | I5: adm/RH | J5: informatiq. | K5: Total
A6: nb de technic / cadres = n de pc | B6: =SUM('données prév'!B34:B38) -> 14 | C6: =SUM('données prév'!C34:C38) -> 1.3333333 | D6: =SUM('données prév'!D34:D38) -> 2.3333333 | E6: =SUM('données prév'!E34:E38) -> 3.3333333 | G6: =SUM('données prév'!G34:G38) -> 4 | H6: =SUM('données prév'!H34:H38) -> 23 | I6: =SUM('données prév'!I35:I38)+SUM('données prév'!K35:K38) -> 11 | K6: =SUM(B6:J6) -> 59
A7: % technic cadres | B7: =B6/$K$6 -> 0.23728814 | C7: =C6/$K$6 -> 0.02259887 | D7: =D6/$K$6 -> 0.039548023 | E7: =E6/$K$6 -> 0.056497175 | F7: =F6/$K$6 -> 0 | G7: =G6/$K$6 -> 0.06779661 | H7: =H6/$K$6 -> 0.38983051 | I7: =I6/$K$6 -> 0.18644068 | ... K7: =K6/$K$6 -> 1
A11: Coût des sections | B11: TOTAL en k€ | C11: BE | D11: usinage 1 | E11: usinage 2 | F11: montage | G11: entretien | H11: achats | I11: commercial | J11: administrat. | K11: informatiq. | L11: bâtiment | M11: autre répart | N11: TOTAL | O11: ECART
A12: personnel | B12: ='données prév'!L39 -> 5752.2225 | C12: ='données prév'!B39 -> 766.57875 | D12: ='données prév'!C39 -> 352.22917 | E12: ='données prév'!D39 -> 920.91917 | F12: ='données prév'!E39 -> 1449.2629 | G12: ='données prév'!F39 -> 84.535 | H12: ='données prév'!G39 -> 199.81 | I12: ='données prév'!H39 -> 1279.5525 | J12: ='données prév'!I39+'données prév'!K39 -> 587.9025 | K12: ='données prév'!J39 -> 111.4325 | M12: =$B$12*L7 -> 0 | N12: =SUM(C12:M12) -> 5752.2225 | O12: =B12-N12 -> 0
A13: main d'œuvre externe | B13: =SUM(C13:M13) -> 58.024181 | C13: ='données prév'!C62*20/1000*1.89 -> 58.024181 | D13: ='données prév'!D62*20/1000*1.89 -> 0 | E13: ='données prév'!E62*20/1000*1.89 -> 0 | F13: ='données prév'!F62*20/1000*1.89 -> 0 | N13: =SUM(C13:M13) -> 58.024181 | O13: =B13-N13 -> 0
A14: consommable atelier (1) | B14: 115.2 | D14: =$B$14*('données prév'!E56/('données prév'!$E$56+'données prév'!$G$56)) -> 22.375028 | E14: =$B$14*('données prév'!G56/('données prév'!$E$56+'données prév'!$G$56)) -> 92.824972 | N14: =SUM(C14:M14) -> 115.2 | O14: =B14-N14 -> 0
A15: fournitures de bureau | B15: 60 | H15: =$B$15/3 -> 20 | I15: =$B$15/3 -> 20 | J15: =$B$15/3 -> 20 | N15: =SUM(C15:M15) -> 60 | O15: =B15-N15 -> 0
A16: utilités | B16: 100 | L16: =B16 -> 100 | N16: =SUM(C16:M16) -> 100 | O16: =B16-N16 -> 0
A17: énergie (1) | B17: 200 | D17: =B17*('données prév'!E56/('données prév'!$E$56+'données prév'!$G$56)) -> 38.845534 | E17: =B17*('données prév'!G56/('données prév'!$E$56+'données prév'!$G$56)) -> 161.15447 | N17: =SUM(C17:M17) -> 200 | O17: =B17-N17 -> 0
A18: entretien batiment | B18: 30 | L18: =B18 -> 30 | N18: =SUM(C18:M18) -> 30 | O18: =B18-N18 -> 0
A19: entretien machines (1) | B19: 110 | D19: =$B$19*('données prév'!E56/('données prév'!$E$56+'données prév'!$G$56)) -> 21.365044 | E19: =$B$19*('données prév'!G56/('données prév'!$E$56+'données prév'!$G$56)) -> 88.634956 | N19: =SUM(C19:M19) -> 110 | O19: =B19-N19 -> 0
A20: télécom | B20: 90 | C20: =0.1*B20 -> 9 | H20: =0.05*B20 -> 4.5 | I20: =0.75*B20 -> 67.5 | J20: =0.1*B20 -> 9 | N20: =SUM(C20:M20) -> 90 | O20: =B20-N20 -> 0
A21: documentation tech | B21: 15 | C21: =B21 -> 15 | N21: =SUM(C21:M21) -> 15 | O21: =B21-N21 -> 0
A22: assurances bat | B22: 95 | L22: =B22 -> 95 | N22: =SUM(C22:M22) -> 95 | O22: =B22-N22 -> 0
A23: assurance RC | B23: 125 | M23: =B23 -> 125 | N23: =SUM(C23:M23) -> 125 | O23: =B23-N23 -> 0
A24: transports | B24: 250 | M24: =B24 -> 250 | N24: =SUM(C24:M24) -> 250 | O24: =B24-N24 -> 0
A25: Impots | B25: 210 | M25: =B25 -> 210 | N25: =SUM(C25:M25) -> 210 | O25: =B25-N25 -> 0
A26: loc matériel | B26: 35 | F26: 25 | K26: 10 | N26: =SUM(C26:M26) -> 35 | O26: =B26-N26 -> 0
A27: frais déplac | B27: 800 | C27: =0.05*B27 -> 40 | H27: =0.05*B27 -> 40 | I27: =0.8*B27 -> 640 | J27: =0.1*B27 -> 80 | N27: =SUM(C27:M27) -> 800 | O27: =B27-N27 -> 0
A28: publicité | B28: 125 | I28: =B28 -> 125 | N28: =SUM(C28:M28) -> 125 | O28: =B28-N28 -> 0
A29: honoraires | B29: 35 | J29: =B29 -> 35 | N29: =SUM(C29:M29) -> 35 | O29: =B29-N29 -> 0
A30: Commissions | B30: 100 | I30: =B30 -> 100 | N30: =SUM(C30:M30) -> 100 | O30: =B30-N30 -> 0
A31: amortissements | B31: =SUM(C31:M31) -> 840 | D31: =150 -> 150 | E31: =450+(336)/7*10/12 -> 490 | F31: 75 | K31: 25 | L31: 100 | N31: =SUM(C31:M31) -> 840 | O31: =B31-N31 -> 0
A32: Sous Total en k€ | B32: =SUM(B12:B31) -> 9145.4467 | C32: =SUM(C12:C31) -> 888.60293 | D32: =SUM(D12:D31) -> 584.81477 | E32: =SUM(E12:E31) -> 1753.5336 | F32: =SUM(F12:F31) -> 1549.2629 | G32: =SUM(G12:G31) -> 84.535 | H32: =SUM(H12:H31) -> 264.31 | I32: =SUM(I12:I31) -> 2232.0525 | ... M32: =SUM(M12:M31) -> 585
A33: revers entretien | C33: =G32*B4*30% -> 2.1737571 | D33: =$G$32*35%+$G$32*30%*C4 -> 35.021643 | E33: =$G$32*35%+$G$32*30%*D4 -> 35.021643 | F33: =$G$32*E4*30% -> 5.4343929 | G33: =-G32 -> -84.535 | H33: =$G$32*G4*30% -> 0.72458571 | I33: =$G$32*H4*30% -> 3.6229286 | J33: =$G$32*I4*30% -> 2.1737571 | K33: =$G$32*J4*30% -> 0.36229286 | L33: 0
A34: revers batiment | C34: =$L$32*B4 -> 27.857143 | D34: =$L$32*C4 -> 69.642857 | E34: =$L$32*D4 -> 69.642857 | F34: =$L$32*E4 -> 69.642857 | G34: =$L$32*F4 -> 0 | H34: =$L$32*G4 -> 9.2857143 | I34: =$L$32*H4 -> 46.428571 | J34: =$L$32*I4 -> 27.857143 | K34: =$L$32*J4 -> 4.6428571 | L34: =-L32 -> -325 | M34: =M32*L4 -> 0 | O34: =150/5*2/12 -> 5
A35: revers informatique | C35: =-$K$35*B7 -> 35.84839 | D35: =-$K$35*C7 -> 3.4141324 | E35: =-$K$35*D7 -> 5.9747316 | F35: =-$K$35*E7 -> 8.5353309 | G35: =-$K$35*F7 -> 0 | H35: =-$K$35*G7 -> 10.242397 | I35: =-$K$35*H7 -> 58.893783 | J35: =-$K$35*I7 -> 28.166592 | K35: =-(K32+K34) -> -151.07536 | L35: 0
A36: TOTAL en k€ | B36: =SUM(C36:M36) -> 9145.4467 | C36: =SUM(C32:C35) -> 954.48222 | D36: =SUM(D32:D35) -> 692.89341 | E36: =SUM(E32:E35) -> 1864.1728 | F36: =SUM(F32:F35) -> 1632.8755 | G36: =SUM(G32:G35) -> 0 | H36: =SUM(H32:H35) -> 284.5627 | I36: =SUM(I32:I35) -> 2340.9978 | J36: =SUM(J32:J35) -> 790.09999 | ... M36: =SUM(M32:M35) -> 585
A37: K heures | C37: =MAX('données prév'!C56,'données prév'!C59) -> 20500 | D37: =MAX('données prév'!E56,'données prév'!E59) -> 10211.906 | E37: =MAX('données prév'!G56,'données prév'!G59) -> 43765.312 | F37: =MAX('données prév'!I56,'données prév'!I59) -> 46683
A38: taux horaire en € | C38: =C36/C37*1000 -> 46.560108 | D38: =D36/D37*1000 -> 67.851524 | E38: =E36/E37*1000 -> 42.594756 | F38: =F36/F37*1000 -> 34.977947
A40: (1) répartition au prorata de l'activité de chaque atelier usinage, cad au prorata des heures de chaque atelier
A42: Coût par machine en € | B42: Achats | C42: BE | D42: Usinage 1 | E42: Usinage 2 | F42: Montage | G42: TOTAL | H42: TOTAL K€
A43: alpha | B43: ='données prév'!N24*1000 -> 76500 | C43: =$C$38*'données prév'!J24 -> 13968.033 | D43: =$D$38*'données prév'!K24 -> 16962.881 | E43: =$E$38*'données prév'!L24 -> 8518.9511 | F43: =$F$38*'données prév'!M24 -> 13291.62 | G43: =SUM(B43:F43) -> 129241.48 | H43: =G43/1000 -> 129.24148
A44: beta | B44: ='données prév'!N26*1000 -> 102000 | C44: =$C$38*'données prév'!J26 -> 23280.054 | D44: =$D$38*'données prév'!K26 -> 25444.322 | E44: =$E$38*'données prév'!L26 -> 12778.427 | F44: =$F$38*'données prév'!M26 -> 18275.977 | G44: =SUM(B44:F44) -> 181778.78 | H44: =G44/1000 -> 181.77878
A45: gamma | B45: ='données prév'!N28*1000 -> 244800 | C45: =$C$38*'données prév'!J28 -> 37248.087 | D45: =$D$38*'données prév'!K28 -> 40710.915 | E45: =$E$38*'données prév'!L28 -> 17037.902 | F45: =$F$38*'données prév'!M28 -> 31567.597 | G45: =SUM(B45:F45) -> 371364.5 | H45: =G45/1000 -> 371.3645
A46: serie | B46: ='données prév'!N30*1000 -> 147.9 | C46: =$C$38*'données prév'!J30 -> 0 | D46: =$D$38*'données prév'!K30 -> 0 | E46: =$E$38*'données prév'!L30 -> 88.739074 | F46: =$F$38*'données prév'!M30 -> 66.458099 | G46: =SUM(B46:F46) -> 303.09717 | H46: =G46/1000 -> 0.30309717

Sheet tréso prév
A1: RAPPEL : PREVISION DES COMMANDES en QUANTITE
B2: =+'données prév'!B8 -> 43101 | C2: =+'données prév'!C8 -> 43132 | D2: =+'données prév'!D8 -> 43160 | E2: =+'données prév'!E8 -> 43191 | F2: =+'données prév'!F8 -> 43221 | G2: =+'données prév'!G8 -> 43252 | H2: =+'données prév'!H8 -> 43282 | I2: =+'données prév'!I8 -> 43313 | ... M2: =+'données prév'!M8 -> 43435 | N2: TOTAL
A3: Alpha France | B3: 2 | D3: 2 | G3: 1 | J3: 2 | M3: 1 | N3: =+SUM(B3:M3) -> 8
A4: Alpha Export | B4: 1 | F4: 3 | N4: =+SUM(B4:M4) -> 4
A5: TOTAL ALPHA | B5: =+B3+B4 -> 3 | C5: =+C3+C4 -> 0 | D5: =+D3+D4 -> 2 | E5: =+E3+E4 -> 0 | F5: =+F3+F4 -> 3 | G5: =+G3+G4 -> 1 | H5: =+H3+H4 -> 0 | I5: =+I3+I4 -> 0 | ... N5: =+N3+N4 -> 12
A6: Beta France | C6: 2 | D6: 3 | E6: 1 | I6: 2 | K6: 2 | L6: 1 | N6: =+SUM(B6:M6) -> 11
A7: Beta export | E7: 4 | L7: 2 | N7: =+SUM(B7:M7) -> 6
A8: TOTAL BETA | B8: =+B6+B7 -> 0 | C8: =+C6+C7 -> 2 | D8: =+D6+D7 -> 3 | E8: =+E6+E7 -> 5 | F8: =+F6+F7 -> 0 | G8: =+G6+G7 -> 0 | H8: =+H6+H7 -> 0 | I8: =+I6+I7 -> 2 | ... N8: =+N6+N7 -> 17
A9: gamma France | C9: 1 | F9: 1 | L9: 1 | N9: =+SUM(B9:M9) -> 3
A10: gamma Export | K10: 1 | M10: 1 | N10: =+SUM(B10:M10) -> 2
A11: TOTAL GAMMA | B11: =+B9+B10 -> 0 | C11: =+C9+C10 -> 1 | D11: =+D9+D10 -> 0 | E11: =+E9+E10 -> 0 | F11: =+F9+F10 -> 1 | G11: =+G9+G10 -> 0 | H11: =+H9+H10 -> 0 | I11: =+I9+I10 -> 0 | ... N11: =+N9+N10 -> 5
A12: Produits en série | B12: ='vent pdt série'!F46 -> 1543 | C12: ='vent pdt série'!F47 -> 1487 | D12: ='vent pdt série'!F48 -> 1677 | E12: ='vent pdt série'!F49 -> 1418 | F12: ='vent pdt série'!F50 -> 1204 | G12: ='vent pdt série'!F51 -> 2014 | H12: ='vent pdt série'!F52 -> 725 | I12: ='vent pdt série'!F53 -> 359 | J12: ='vent pdt série'!F54 -> 1258 | K12: ='vent pdt série'!F55 -> 1792 | L12: ='vent pdt série'!F56 -> 1489 | M12: ='vent pdt série'!F57 -> 901 | N12: =SUM(B12:M12) -> 15867
A14: Calcul DES PRIX DE VENTE (en k€) pour les MACHINES EXPORTEES
B15: =B2 -> 43101 | C15: =C2 -> 43132 | D15: =D2 -> 43160 | E15: =E2 -> 43191 | F15: =F2 -> 43221 | G15: =G2 -> 43252 | H15: =H2 -> 43282 | I15: =I2 -> 43313 | ... M15: =M2 -> 43435
A16: cours de change | B16: ='données prév'!$M$19 -> 1.1 | C16: ='données prév'!$M$19 -> 1.1 | D16: ='données prév'!$M$19 -> 1.1 | E16: ='données prév'!$M$20 -> 1.15 | F16: ='données prév'!$M$20 -> 1.15 | G16: ='données prév'!$M$20 -> 1.15 | H16: ='données prév'!$M$20 -> 1.15 | I16: ='données prév'!$M$20 -> 1.15 | J16: ='données prév'!$M$20 -> 1.15 | K16: ='données prév'!$M$20 -> 1.15 | L16: ='données prév'!$M$20 -> 1.15 | M16: ='données prév'!$M$20 -> 1.15
A17: prix Alpha en k$ | B17: ='données prév'!$I$25 -> 190.4 | C17: ='données prév'!$I$25 -> 190.4 | D17: ='données prév'!$I$25 -> 190.4 | E17: ='données prév'!$I$25 -> 190.4 | F17: ='données prév'!$I$25 -> 190.4 | G17: ='données prév'!$I$25 -> 190.4 | H17: ='données prév'!$I$25 -> 190.4 | I17: ='données prév'!$I$25 -> 190.4 | ... M17: ='données prév'!$I$25 -> 190.4
A18: prix Alpha en k€ | B18: =B17/B16 -> 173.09091 | C18: =C17/C16 -> 173.09091 | D18: =D17/D16 -> 173.09091 | E18: =E17/E16 -> 165.56522 | F18: =F17/F16 -> 165.56522 | G18: =G17/G16 -> 165.56522 | H18: =H17/H16 -> 165.56522 | I18: =I17/I16 -> 165.56522 | ... M18: =M17/M16 -> 165.56522
A19: prix Beta en k$ | B19: ='données prév'!$I$27 -> 315 | C19: ='données prév'!$I$27 -> 315 | D19: ='données prév'!$I$27 -> 315 | E19: ='données prév'!$I$27 -> 315 | F19: ='données prév'!$I$27 -> 315 | G19: ='données prév'!$I$27 -> 315 | H19: ='données prév'!$I$27 -> 315 | I19: ='données prév'!$I$27 -> 315 | ... M19: ='données prév'!$I$27 -> 315
A20: prix Beta en k€ | B20: =B19/B16 -> 286.36364 | C20: =C19/C16 -> 286.36364 | D20: =D19/D16 -> 286.36364 | E20: =E19/E16 -> 273.91304 | F20: =F19/F16 -> 273.91304 | G20: =G19/G16 -> 273.91304 | H20: =H19/H16 -> 273.91304 | I20: =I19/I16 -> 273.91304 | ... M20: =M19/M16 -> 273.91304
A21: prix Gamma en k$ | B21: ='données prév'!$I$29 -> 625.1 | C21: ='données prév'!$I$29 -> 625.1 | D21: ='données prév'!$I$29 -> 625.1 | E21: ='données prév'!$I$29 -> 625.1 | F21: ='données prév'!$I$29 -> 625.1 | G21: ='données prév'!$I$29 -> 625.1 | H21: ='données prév'!$I$29 -> 625.1 | I21: ='données prév'!$I$29 -> 625.1 | ... M21: ='données prév'!$I$29 -> 625.1
A22: prix Gamma en k€ | B22: =B21/B16 -> 568.27273 | C22: =C21/C16 -> 568.27273 | D22: =D21/D16 -> 568.27273 | E22: =E21/E16 -> 543.56522 | F22: =F21/F16 -> 543.56522 | G22: =G21/G16 -> 543.56522 | H22: =H21/H16 -> 543.56522 | I22: =I21/I16 -> 543.56522 | ... M22: =M21/M16 -> 543.56522
A24: PREVISION DES VENTES EN QUANTITE
B25: =B2 -> 43101 | C25: =C2 -> 43132 | D25: =D2 -> 43160 | E25: =E2 -> 43191 | F25: =F2 -> 43221 | G25: =G2 -> 43252 | H25: =H2 -> 43282 | I25: =I2 -> 43313 | ... M25: =M2 -> 43435 | N25: TOTAL | O25: 43466 | P25: 43497 | Q25: 43525
A26: Alpha France | E26: 2 | G26: 2 | J26: 1 | M26: 2 | N26: =SUM(B26:M26) -> 7 | Q26: 1
A27: Alpha Export | B27: 2 | E27: 1 | I27: 3 | N27: =SUM(B27:M27) -> 6
A28: TOTAL ALPHA | B28: =SUM(B26:B27) -> 2 | C28: =SUM(C26:C27) -> 0 | D28: =SUM(D26:D27) -> 0 | E28: =+E26+E27 -> 3 | F28: =+F26+F27 -> 0 | G28: =+G26+G27 -> 2 | H28: =+H26+H27 -> 0 | I28: =+I26+I27 -> 3 | J28: =+J26+J27 -> 1 | K28: =+K26+K27 -> 0 | L28: =+L26+L27 -> 0 | M28: =+M26+M27 -> 2 | N28: =SUM(B28:M28) -> 13 | O28: =+O26+O27 -> 0 | P28: =+P26+P27 -> 0 | Q28: =+Q26+Q27 -> 1
A29: Beta France | F29: 2 | G29: 3 | H29: 1 | L29: 2 | N29: =SUM(B29:M29) -> 8 | O29: 2 | P29: 1
A30: Beta export | B30: 2 | H30: 4 | N30: =SUM(B30:M30) -> 6 | P30: 2
A31: TOTAL BETA | B31: =SUM(B29:B30) -> 2 | C31: =SUM(C29:C30) -> 0 | D31: =SUM(D29:D30) -> 0 | E31: =+E29+E30 -> 0 | F31: =+F29+F30 -> 2 | G31: =+G29+G30 -> 3 | H31: =+H29+H30 -> 5 | I31: =+I29+I30 -> 0 | J31: =+J29+J30 -> 0 | K31: =+K29+K30 -> 0 | L31: =+L29+L30 -> 2 | M31: =+M29+M30 -> 0 | N31: =SUM(B31:M31) -> 14 | O31: =+O29+O30 -> 2 | P31: =+P29+P30 -> 3 | Q31: =+Q29+Q30 -> 0
A32: gamma France | F32: 1 | I32: 1 | N32: =SUM(B32:M32) -> 2 | P32: 1
A33: gamma Export | B33: 2 | N33: =SUM(B33:M33) -> 2 | O33: 1 | Q33: 1
A34: TOTAL GAMMA | B34: =SUM(B32:B33) -> 2 | C34: =SUM(C32:C33) -> 0 | D34: =SUM(D32:D33) -> 0 | E34: =+E32+E33 -> 0 | F34: =+F32+F33 -> 1 | G34: =+G32+G33 -> 0 | H34: =+H32+H33 -> 0 | I34: =+I32+I33 -> 1 | J34: =+J32+J33 -> 0 | K34: =+K32+K33 -> 0 | L34: =+L32+L33 -> 0 | M34: =+M32+M33 -> 0 | N34: =SUM(B34:M34) -> 4 | O34: =+O32+O33 -> 1 | P34: =+P32+P33 -> 1 | Q34: =+Q32+Q33 -> 1
A35: Produits en série | B35: =B12 -> 1543 | C35: =C12 -> 1487 | D35: =D12 -> 1677 | E35: =E12 -> 1418 | F35: =F12 -> 1204 | G35: =G12 -> 2014 | H35: =H12 -> 725 | I35: =I12 -> 359 | ... M35: =M12 -> 901 | N35: =SUM(B35:M35) -> 15867
A37: PREVISION DES VENTES en K€
B38: =+B2 -> 43101 | C38: =+C2 -> 43132 | D38: =+D2 -> 43160 | E38: =+E2 -> 43191 | F38: =+F2 -> 43221 | G38: =+G2 -> 43252 | H38: =+H2 -> 43282 | I38: =+I2 -> 43313 | ... M38: =+M2 -> 43435 | N38: TOTAL | O38: 43466 | P38: 43497 | Q38: 43525
A39: Alpha France | B39: =B26*B18 -> 0 | C39: 0 | D39: 0 | E39: =B3*'données prév'!$I$24 -> 300 | F39: =C3*'données prév'!$I$24 -> 0 | G39: =D3*'données prév'!$I$24 -> 300 | H39: =E3*'données prév'!$I$24 -> 0 | I39: =F3*'données prév'!$I$24 -> 0 | J39: =G3*'données prév'!$I$24 -> 150 | K39: =H3*'données prév'!$I$24 -> 0 | L39: =I3*'données prév'!$I$24 -> 0 | M39: =J3*'données prév'!$I$24 -> 300 | N39: =SUM(B39:M39) -> 1050 | O39: =O26*'données prév'!$I$24 -> 0 | P39: =P26*'données prév'!$I$24 -> 0 | Q39: =Q26*'données prév'!$I$24 -> 150
A40: Alpha Export | B40: =B18*B27 -> 346.18182 | C40: =C18*C27 -> 0 | D40: =D18*D27 -> 0 | E40: =E18*E27 -> 165.56522 | F40: =F18*F27 -> 0 | G40: =G18*G27 -> 0 | H40: =H18*H27 -> 0 | I40: =I18*I27 -> 496.69565 | ... M40: =M18*M27 -> 0 | N40: =SUM(B40:M40) -> 1008.4427
A41: TOTAL ALPHA | B41: =SUM(B39:B40) -> 346.18182 | C41: =SUM(C39:C40) -> 0 | D41: =SUM(D39:D40) -> 0 | E41: =SUM(E39:E40) -> 465.56522 | F41: =SUM(F39:F40) -> 0 | G41: =SUM(G39:G40) -> 300 | H41: =SUM(H39:H40) -> 0 | I41: =SUM(I39:I40) -> 496.69565 | ... Q41: =SUM(Q39:Q40) -> 150
A42: Beta France | B42: 0 | C42: 0 | D42: 0 | E42: =B6*'données prév'!$I$26 -> 0 | F42: =C6*'données prév'!$I$26 -> 500 | G42: =D6*'données prév'!$I$26 -> 750 | H42: =E6*'données prév'!$I$26 -> 250 | I42: =F6*'données prév'!$I$26 -> 0 | J42: =G6*'données prév'!$I$26 -> 0 | K42: =H6*'données prév'!$I$26 -> 0 | L42: =I6*'données prév'!$I$26 -> 500 | M42: =J6*'données prév'!$I$26 -> 0 | N42: =SUM(B42:M42) -> 2000 | O42: =O29*'données prév'!$I$26 -> 500 | P42: =P29*'données prév'!$I$26 -> 250 | Q42: =Q29*'données prév'!$I$26 -> 0
A43: Beta export | B43: =B30*B20 -> 572.72727 | C43: =C30*C20 -> 0 | D43: =D30*D20 -> 0 | E43: =E30*E20 -> 0 | F43: =F30*F20 -> 0 | G43: =G30*G20 -> 0 | H43: =H30*H20 -> 1095.6522 | I43: =I30*I20 -> 0 | ... M43: =M30*M20 -> 0 | N43: =SUM(B43:M43) -> 1668.3794 | O43: =O30*K20 -> 0 | P43: =P30*L20 -> 547.82609 | Q43: =Q30*M20 -> 0
A44: TOTAL BETA | B44: =SUM(B42:B43) -> 572.72727 | C44: =SUM(C42:C43) -> 0 | D44: =SUM(D42:D43) -> 0 | E44: =SUM(E42:E43) -> 0 | F44: =SUM(F42:F43) -> 500 | G44: =SUM(G42:G43) -> 750 | H44: =SUM(H42:H43) -> 1345.6522 | I44: =SUM(I42:I43) -> 0 | ... Q44: =SUM(Q42:Q43) -> 0
A45: gamma France | B45: 0 | C45: 0 | D45: 0 | E45: =B9*'données prév'!$I$28 -> 0 | F45: =C9*'données prév'!$I$28 -> 500 | G45: =D9*'données prév'!$I$28 -> 0 | H45: =E9*'données prév'!$I$28 -> 0 | I45: =F9*'données prév'!$I$28 -> 500 | J45: =G9*'données prév'!$I$28 -> 0 | K45: =H9*'données prév'!$I$28 -> 0 | L45: =I9*'données prév'!$I$28 -> 0 | M45: =J9*'données prév'!$I$28 -> 0 | N45: =SUM(B45:M45) -> 1000 | O45: =O32*'données prév'!$I$28 -> 0 | P45: =P32*'données prév'!$I$28 -> 500 | Q45: =Q32*'données prév'!$I$28 -> 0
A46: gamma Export | B46: =B33*B22 -> 1136.5455 | C46: =C33*C22 -> 0 | D46: =D33*D22 -> 0 | E46: =E33*E22 -> 0 | F46: =F33*F22 -> 0 | G46: =G33*G22 -> 0 | H46: =H33*H22 -> 0 | I46: =I33*I22 -> 0 | ... M46: =M33*M22 -> 0 | N46: =SUM(B46:M46) -> 1136.5455 | O46: =O33*K22 -> 543.56522 | P46: =P33*L22 -> 0 | Q46: =Q33*M22 -> 543.56522
A47: TOTAL GAMMA | B47: =SUM(B45:B46) -> 1136.5455 | C47: =SUM(C45:C46) -> 0 | D47: =SUM(D45:D46) -> 0 | E47: =SUM(E45:E46) -> 0 | F47: =SUM(F45:F46) -> 500 | G47: =SUM(G45:G46) -> 0 | H47: =SUM(H45:H46) -> 0 | I47: =SUM(I45:I46) -> 500 | ... Q47: =SUM(Q45:Q46) -> 543.56522
A48: Produits en série | B48: =B12*'données prév'!$I$30 -> 786.93 | C48: =C12*'données prév'!$I$30 -> 758.37 | D48: =D12*'données prév'!$I$30 -> 855.27 | E48: =E12*'données prév'!$I$30 -> 723.18 | F48: =F12*'données prév'!$I$30 -> 614.04 | G48: =G12*'données prév'!$I$30 -> 1027.14 | H48: =H12*'données prév'!$I$30 -> 369.75 | I48: =I12*'données prév'!$I$30 -> 183.09 | ... M48: =M12*'données prév'!$I$30 -> 459.51 | N48: =SUM(B48:M48) -> 8092.17
A50: BUDGET DES ENCAISSEMENTS EN K€
B51: =B38 -> 43101 | C51: =C38 -> 43132 | D51: =D38 -> 43160 | E51: =E38 -> 43191 | F51: =F38 -> 43221 | G51: =G38 -> 43252 | H51: =H38 -> 43282 | I51: =I38 -> 43313 | ... M51: =M38 -> 43435 | N51: CREANCES | S51: ATTENTION ALPHA France + PRODUIT EN SERIE EN TTC
A52: créances déc 2017 | B52: =1720/2 -> 860 | C52: 860 | D52: 0 | E52: 0 | F52: 0 | G52: 0 | H52: 0 | I52: 0 | J52: 0 | K52: 0 | L52: 0 | M52: 0 | N52: 0 | O52: 0
A53: Alpha France | B53: 0 | C53: 0 | D53: 0 | E53: 0 | F53: 0 | G53: =E39*1.2 -> 360 | H53: =F39*1.2 -> 0 | I53: =G39*1.2 -> 360 | J53: =H39*1.2 -> 0 | K53: =I39*1.2 -> 0 | L53: =J39*1.2 -> 180 | M53: =K39*1.2 -> 0 | N53: =L39*1.2 -> 0 | O53: =M39*1.2 -> 360 | R53: paiement 60j intégral date de livraison
A54: acompte Alpha Exp | B54: =30%*E40 -> 49.669565 | C54: =30%*F40 -> 0 | D54: =30%*G40 -> 0 | E54: =30%*H40 -> 0 | F54: =30%*I40 -> 149.0087 | G54: =30%*J40 -> 0 | H54: =30%*K40 -> 0 | I54: =30%*L40 -> 0 | J54: =30%*M40 -> 0 | K54: 0 | L54: =30%*O40 -> 0 | M54: =30%*P40 -> 0 | N54: 0 | O54: 0 | R54: acompte 30% à la commande
A55: solde Alpha Export | B55: 0 | C55: =B40*0.7 -> 242.32727 | D55: 0 | E55: 0 | F55: =E40*0.7 -> 115.89565 | G55: 0 | H55: 0 | I55: 0 | J55: =I40*0.7 -> 347.68696 | K55: 0 | L55: 0 | M55: 0 | N55: 0 | O55: 0 | R55: solde 30j après livraison
A56: Beta France | B56: 0 | C56: 0 | D56: 0 | E56: 0 | F56: 0 | G56: 0 | H56: =F42*1.2 -> 600 | I56: =G42*1.2 -> 900 | J56: =H42*1.2 -> 300 | K56: =I42*1.2 -> 0 | L56: =J42*1.2 -> 0 | M56: =K42*1.2 -> 0 | N56: =L42*1.2 -> 600 | O56: =M42*1.2 -> 0 | R56: paiement 60j intégral date de livraison
A57: Acompte beta Export | B57: 0 | C57: 0 | D57: 0 | E57: =30%*H43 -> 328.69565 | F57: 0 | G57: 0 | H57: 0 | I57: 0 | J57: 0 | K57: 0 | L57: =P43*0.3 -> 164.34783 | M57: 0 | N57: 0 | O57: 0
A58: Solde Beta export | B58: 0 | C58: =B43*0.7 -> 400.90909 | D58: 0 | E58: 0 | F58: 0 | G58: 0 | H58: 0 | I58: =H43*0.7 -> 766.95652 | J58: 0 | K58: 0 | L58: 0 | M58: 0 | N58: 0 | O58: 0
A59: gamma France | B59: 0 | C59: 0 | D59: 0 | E59: 0 | F59: 0 | G59: 0 | H59: =F45*1.2 -> 600 | I59: =G45*1.2 -> 0 | J59: =H45*1.2 -> 0 | K59: =I45*1.2 -> 600 | L59: =J45*1.2 -> 0 | M59: =K45*1.2 -> 0 | N59: =L45*1.2 -> 0 | O59: =M45*1.2 -> 0 | R59: paiement 60j intégral date de livraison
A60: acompte gamma Exp | B60: 0 | C60: 0 | D60: 0 | E60: 0 | F60: 0 | G60: 0 | H60: 0 | I60: 0 | J60: 0 | K60: =O46*0.3 -> 163.06957 | L60: =P46*0.3 -> 0 | M60: =Q46*0.3 -> 163.06957 | N60: 0 | O60: 0
A61: solde gamma Export | B61: 0 | C61: =B46*0.7 -> 795.58182 | D61: 0 | E61: 0 | F61: 0 | G61: 0 | H61: 0 | I61: 0 | J61: 0 | K61: 0 | L61: 0 | M61: 0 | N61: 0 | O61: 0
A62: Produits en série | C62: =B48*1.2 -> 944.316 | D62: =C48*1.2 -> 910.044 | E62: =D48*1.2 -> 1026.324 | F62: =E48*1.2 -> 867.816 | G62: =F48*1.2 -> 736.848 | H62: =G48*1.2 -> 1232.568 | I62: =H48*1.2 -> 443.7 | J62: =I48*1.2 -> 219.708 | ... N62: =M48*1.2 -> 551.412 | R62: page 3 paiement 30j date de livraison
A63: TOTAL ENCAISSMT | B63: =SUM(B52:B62) -> 909.66957 | C63: =SUM(C52:C62) -> 3243.1342 | D63: =SUM(D52:D62) -> 910.044 | E63: =SUM(E52:E62) -> 1355.0197 | F63: =SUM(F52:F62) -> 1132.7203 | G63: =SUM(G52:G62) -> 1096.848 | H63: =SUM(H52:H62) -> 2432.568 | I63: =SUM(I52:I62) -> 2470.6565 | ... M63: =SUM(M52:M62) -> 1074.3376 | N63: =SUM(N53:N62) -> 1151.412 | O63: =SUM(O53:O62) -> 360
A66: BUDGET DES ACHATS
B67: =+B51 -> 43101 | C67: =+C51 -> 43132 | D67: =+D51 -> 43160 | E67: =+E51 -> 43191 | F67: =+F51 -> 43221 | G67: =+G51 -> 43252 | H67: =+H51 -> 43282 | I67: =+I51 -> 43313 | ... M67: =+M51 -> 43435 | N67: TOTAL
A68: Alpha France | B68: 0 | C68: 0 | D68: =('coûts prévis'!$B$43/1000)*'tréso prév'!B3 -> 153 | E68: =('coûts prévis'!$B$43/1000)*'tréso prév'!C3 -> 0 | F68: =('coûts prévis'!$B$43/1000)*'tréso prév'!D3 -> 153 | G68: =('coûts prévis'!$B$43/1000)*'tréso prév'!E3 -> 0 | H68: =('coûts prévis'!$B$43/1000)*'tréso prév'!F3 -> 0 | I68: =('coûts prévis'!$B$43/1000)*'tréso prév'!G3 -> 76.5 | J68: =('coûts prévis'!$B$43/1000)*'tréso prév'!H3 -> 0 | K68: =('coûts prévis'!$B$43/1000)*'tréso prév'!I3 -> 0 | ... M68: =('coûts prévis'!$B$43/1000)*'tréso prév'!K3 -> 0 | N68: =SUM(B68:M68) -> 535.5
A69: Alpha Export | B69: 0 | C69: 0 | D69: =('coûts prévis'!$B$43/1000)*'tréso prév'!B4 -> 76.5 | E69: =('coûts prévis'!$B$43/1000)*'tréso prév'!C4 -> 0 | F69: =('coûts prévis'!$B$43/1000)*'tréso prév'!D4 -> 0 | G69: =('coûts prévis'!$B$43/1000)*'tréso prév'!E4 -> 0 | H69: =('coûts prévis'!$B$43/1000)*'tréso prév'!F4 -> 229.5 | I69: =('coûts prévis'!$B$43/1000)*'tréso prév'!G4 -> 0 | J69: =('coûts prévis'!$B$43/1000)*'tréso prév'!H4 -> 0 | K69: =('coûts prévis'!$B$43/1000)*'tréso prév'!I4 -> 0 | ... M69: =('coûts prévis'!$B$43/1000)*'tréso prév'!K4 -> 0 | N69: =SUM(B69:M69) -> 306
A70: Beta France | B70: 0 | C70: 0 | D70: 0 | E70: =('coûts prévis'!$B$44/1000)*'tréso prév'!C6 -> 204 | F70: =('coûts prévis'!$B$44/1000)*'tréso prév'!D6 -> 306 | G70: =('coûts prévis'!$B$44/1000)*'tréso prév'!E6 -> 102 | H70: =('coûts prévis'!$B$44/1000)*'tréso prév'!F6 -> 0 | I70: =('coûts prévis'!$B$44/1000)*'tréso prév'!G6 -> 0 | J70: =('coûts prévis'!$B$44/1000)*'tréso prév'!H6 -> 0 | K70: =('coûts prévis'!$B$44/1000)*'tréso prév'!I6 -> 204 | L70: =('coûts prévis'!$B$44/1000)*'tréso prév'!J6 -> 0 | M70: =('coûts prévis'!$B$44/1000)*'tréso prév'!K6 -> 204 | N70: =SUM(B70:M70) -> 1020
A71: Beta export | B71: 0 | C71: 0 | D71: 0 | E71: 0 | F71: 0 | G71: =('coûts prévis'!$B$44/1000)*'tréso prév'!E7 -> 408 | H71: =('coûts prévis'!$B$44/1000)*'tréso prév'!F7 -> 0 | I71: =('coûts prévis'!$B$44/1000)*'tréso prév'!G7 -> 0 | J71: =('coûts prévis'!$B$44/1000)*'tréso prév'!H7 -> 0 | K71: =('coûts prévis'!$B$44/1000)*'tréso prév'!I7 -> 0 | L71: =('coûts prévis'!$B$44/1000)*'tréso prév'!J7 -> 0 | M71: =('coûts prévis'!$B$44/1000)*'tréso prév'!K7 -> 0 | N71: =SUM(B71:M71) -> 408
A72: gamma France | B72: 0 | C72: 0 | D72: 0 | E72: =('coûts prévis'!$B$45/1000)*'tréso prév'!C9 -> 244.8 | F72: =('coûts prévis'!$B$45/1000)*'tréso prév'!D9 -> 0 | G72: =('coûts prévis'!$B$45/1000)*'tréso prév'!E9 -> 0 | H72: =('coûts prévis'!$B$45/1000)*'tréso prév'!F9 -> 244.8 | I72: =('coûts prévis'!$B$45/1000)*'tréso prév'!G9 -> 0 | J72: =('coûts prévis'!$B$45/1000)*'tréso prév'!H9 -> 0 | K72: =('coûts prévis'!$B$45/1000)*'tréso prév'!I9 -> 0 | L72: =('coûts prévis'!$B$45/1000)*'tréso prév'!J9 -> 0 | M72: =('coûts prévis'!$B$45/1000)*'tréso prév'!K9 -> 0 | N72: =SUM(B72:M72) -> 489.6
A73: gamma Export | B73: 0 | C73: 0 | D73: 0 | E73: 0 | F73: 0 | G73: 0 | H73: 0 | I73: 0 | J73: 0 | K73: 0 | L73: 0 | M73: =('coûts prévis'!$B$45/1000)*'tréso prév'!K10 -> 244.8 | N73: =SUM(B73:M73) -> 244.8
A74: Produits en série | B74: ='coûts prévis'!$B$46/1000*'tréso prév'!B12 -> 228.2097 | C74: ='coûts prévis'!$B$46/1000*'tréso prév'!C12 -> 219.9273 | D74: ='coûts prévis'!$B$46/1000*'tréso prév'!D12 -> 248.0283 | E74: ='coûts prévis'!$B$46/1000*'tréso prév'!E12 -> 209.7222 | F74: ='coûts prévis'!$B$46/1000*'tréso prév'!F12 -> 178.0716 | G74: ='coûts prévis'!$B$46/1000*'tréso prév'!G12 -> 297.8706 | H74: ='coûts prévis'!$B$46/1000*'tréso prév'!H12 -> 107.2275 | I74: ='coûts prévis'!$B$46/1000*'tréso prév'!I12 -> 53.0961 | ... M74: ='coûts prévis'!$B$46/1000*'tréso prév'!M12 -> 133.2579 | N74: =SUM(B74:M74) -> 2346.7293
A75: garantie sur achats | B75: ='état fi prévis'!$G$60/6 -> 23.333333 | C75: ='état fi prévis'!$G$60/6 -> 23.333333 | D75: ='état fi prévis'!$G$60/6 -> 23.333333 | E75: ='état fi prévis'!$G$60/6 -> 23.333333 | F75: ='état fi prévis'!$G$60/6 -> 23.333333 | G75: ='état fi prévis'!$G$60/6 -> 23.333333 | N75: =SUM(B75:M75) -> 140
A76: TOTAL ACHATS | B76: =SUM(B68:B75) -> 251.54303 | C76: =SUM(C68:C75) -> 243.26063 | D76: =SUM(D68:D75) -> 500.86163 | E76: =SUM(E68:E75) -> 681.85553 | F76: =SUM(F68:F75) -> 660.40493 | G76: =SUM(G68:G75) -> 831.20393 | H76: =SUM(H68:H75) -> 581.5275 | I76: =SUM(I68:I75) -> 129.5961 | ... M76: =SUM(M68:M75) -> 582.0579 | N76: =SUM(B76:M76) -> 5490.6293
A78: RESTE A FAIRE : | B78: BUDGET DES ENCAISSEMENTS, TVA, DECAISSEMENTS, TRESORERIE
B80: =B67 -> 43101 | C80: =C67 -> 43132 | D80: =D67 -> 43160 | E80: =E67 -> 43191 | F80: =F67 -> 43221 | G80: =G67 -> 43252 | H80: =H67 -> 43282 | I80: =I67 -> 43313 | ... M80: =M67 -> 43435
A81: consommable atelier (1) TTC | B81: =115.2/12 -> 9.6 | C81: =115.2/12 -> 9.6 | D81: =115.2/12 -> 9.6 | E81: =115.2/12 -> 9.6 | F81: =115.2/12 -> 9.6 | G81: =115.2/12 -> 9.6 | H81: =115.2/12 -> 9.6 | I81: =115.2/12 -> 9.6 | ... M81: =115.2/12 -> 9.6
A82: fournitures de bureau TTC | B82: =60/12 -> 5 | C82: =60/12 -> 5 | D82: =60/12 -> 5 | E82: =60/12 -> 5 | F82: =60/12 -> 5 | G82: =60/12 -> 5 | H82: =60/12 -> 5 | I82: =60/12 -> 5 | ... M82: =60/12 -> 5
A83: utilités | B83: =100/12 -> 8.3333333 | C83: =100/12 -> 8.3333333 | D83: =100/12 -> 8.3333333 | E83: =100/12 -> 8.3333333 | F83: =100/12 -> 8.3333333 | G83: =100/12 -> 8.3333333 | H83: =100/12 -> 8.3333333 | I83: =100/12 -> 8.3333333 | ... M83: =100/12 -> 8.3333333
A84: énergie (1) | B84: =200/12 -> 16.666667 | C84: =200/12 -> 16.666667 | D84: =200/12 -> 16.666667 | E84: =200/12 -> 16.666667 | F84: =200/12 -> 16.666667 | G84: =200/12 -> 16.666667 | H84: =200/12 -> 16.666667 | I84: =200/12 -> 16.666667 | ... M84: =200/12 -> 16.666667
A85: entretien batiment | B85: =30/12 -> 2.5 | C85: =30/12 -> 2.5 | D85: =30/12 -> 2.5 | E85: =30/12 -> 2.5 | F85: =30/12 -> 2.5 | G85: =30/12 -> 2.5 | H85: =30/12 -> 2.5 | I85: =30/12 -> 2.5 | ... M85: =30/12 -> 2.5
A86: entretien machines (1) | B86: =110/12 -> 9.1666667 | C86: =110/12 -> 9.1666667 | D86: =110/12 -> 9.1666667 | E86: =110/12 -> 9.1666667 | F86: =110/12 -> 9.1666667 | G86: =110/12 -> 9.1666667 | H86: =110/12 -> 9.1666667 | I86: =110/12 -> 9.1666667 | ... M86: =110/12 -> 9.1666667
A87: télécom | B87: =90/12 -> 7.5 | C87: =90/12 -> 7.5 | D87: =90/12 -> 7.5 | E87: =90/12 -> 7.5 | F87: =90/12 -> 7.5 | G87: =90/12 -> 7.5 | H87: =90/12 -> 7.5 | I87: =90/12 -> 7.5 | ... M87: =90/12 -> 7.5
A88: documentation tech | B88: =15/12 -> 1.25 | C88: =15/12 -> 1.25 | D88: =15/12 -> 1.25 | E88: =15/12 -> 1.25 | F88: =15/12 -> 1.25 | G88: =15/12 -> 1.25 | H88: =15/12 -> 1.25 | I88: =15/12 -> 1.25 | ... M88: =15/12 -> 1.25
A89: transports | B89: =250/12 -> 20.833333 | C89: =250/12 -> 20.833333 | D89: =250/12 -> 20.833333 | E89: =250/12 -> 20.833333 | F89: =250/12 -> 20.833333 | G89: =250/12 -> 20.833333 | H89: =250/12 -> 20.833333 | I89: =250/12 -> 20.833333 | ... M89: =250/12 -> 20.833333
A90: loc matériel | B90: =35/12 -> 2.9166667 | C90: =35/12 -> 2.9166667 | D90: =35/12 -> 2.9166667 | E90: =35/12 -> 2.9166667 | F90: =35/12 -> 2.9166667 | G90: =35/12 -> 2.9166667 | H90: =35/12 -> 2.9166667 | I90: =35/12 -> 2.9166667 | ... M90: =35/12 -> 2.9166667
A91: frais déplac | B91: =800/12 -> 66.666667 | C91: =800/12 -> 66.666667 | D91: =800/12 -> 66.666667 | E91: =800/12 -> 66.666667 | F91: =800/12 -> 66.666667 | G91: =800/12 -> 66.666667 | H91: =800/12 -> 66.666667 | I91: =800/12 -> 66.666667 | ... M91: =800/12 -> 66.666667
A92: publicité | B92: =125/12 -> 10.416667 | C92: =125/12 -> 10.416667 | D92: =125/12 -> 10.416667 | E92: =125/12 -> 10.416667 | F92: =125/12 -> 10.416667 | G92: =125/12 -> 10.416667 | H92: =125/12 -> 10.416667 | I92: =125/12 -> 10.416667 | ... M92: =125/12 -> 10.416667
A93: honoraires | E93: 35
A94: intérim | B94: =58/12 -> 4.8333333 | C94: =58/12 -> 4.8333333 | D94: =58/12 -> 4.8333333 | E94: =58/12 -> 4.8333333 | F94: =58/12 -> 4.8333333 | G94: =58/12 -> 4.8333333 | H94: =58/12 -> 4.8333333 | I94: =58/12 -> 4.8333333 | ... M94: =58/12 -> 4.8333333
A95: TOTAL DES FRAIS DE FONCTIONNEMENT | B95: =SUM(B81:B94) -> 165.68333 | C95: =SUM(C81:C94) -> 165.68333 | D95: =SUM(D81:D94) -> 165.68333 | E95: =SUM(E81:E94) -> 200.68333 | F95: =SUM(F81:F94) -> 165.68333 | G95: =SUM(G81:G94) -> 165.68333 | H95: =SUM(H81:H94) -> 165.68333 | I95: =SUM(I81:I94) -> 165.68333 | ... M95: =SUM(M81:M94) -> 165.68333
A98: BUDGET DE TVA
B99: =B67 -> 43101 | C99: =C67 -> 43132 | D99: =D67 -> 43160 | E99: =E67 -> 43191 | F99: =F67 -> 43221 | G99: =G67 -> 43252 | H99: =H67 -> 43282 | I99: =I67 -> 43313 | ... M99: =M67 -> 43435 | N99: DETTES
A100: TVA Collectée | B100: =0.2*B39+0.2*B42+0.2*B45+0.2*B48 -> 157.386 | C100: =0.2*C39+0.2*C42+0.2*C45+0.2*C48 -> 151.674 | D100: =0.2*D39+0.2*D42+0.2*D45+0.2*D48 -> 171.054 | E100: =0.2*E39+0.2*E42+0.2*E45+0.2*E48 -> 204.636 | F100: =0.2*F39+0.2*F42+0.2*F45+0.2*F48 -> 322.808 | G100: =0.2*G39+0.2*G42+0.2*G45+0.2*G48 -> 415.428 | H100: =0.2*H39+0.2*H42+0.2*H45+0.2*H48 -> 123.95 | I100: =0.2*I39+0.2*I42+0.2*I45+0.2*I48 -> 136.618 | ... M100: =0.2*M39+0.2*M42+0.2*M45+0.2*M48 -> 151.902
A101: TVA Déductible sur achat | B101: =0.2*B68+0.2*B69+0.2*B70+0.2*B71+0.2*B72+0.2*B73+0.2*B74+0.2*B75 -> 50.308607 | C101: =0.2*C68+0.2*C69+0.2*C70+0.2*C71+0.2*C72+0.2*C73+0.2*C74+0.2*C75 -> 48.652127 | D101: =0.2*D68+0.2*D69+0.2*D70+0.2*D71+0.2*D72+0.2*D73+0.2*D74+0.2*D75 -> 100.17233 | E101: =0.2*E68+0.2*E69+0.2*E70+0.2*E71+0.2*E72+0.2*E73+0.2*E74+0.2*E75 -> 136.37111 | F101: =0.2*F68+0.2*F69+0.2*F70+0.2*F71+0.2*F72+0.2*F73+0.2*F74+0.2*F75 -> 132.08099 | G101: =0.2*G68+0.2*G69+0.2*G70+0.2*G71+0.2*G72+0.2*G73+0.2*G74+0.2*G75 -> 166.24079 | H101: =0.2*H68+0.2*H69+0.2*H70+0.2*H71+0.2*H72+0.2*H73+0.2*H74+0.2*H75 -> 116.3055 | I101: =0.2*I68+0.2*I69+0.2*I70+0.2*I71+0.2*I72+0.2*I73+0.2*I74+0.2*I75 -> 25.91922 | ... M101: =0.2*M68+0.2*M69+0.2*M70+0.2*M71+0.2*M72+0.2*M73+0.2*M74+0.2*M75 -> 116.41158
A102: TVA Déducible autres | B102: =B95*0.2 -> 33.136667 | C102: =C95*0.2 -> 33.136667 | D102: =D95*0.2 -> 33.136667 | E102: =E95*0.2 -> 40.136667 | F102: =F95*0.2 -> 33.136667 | G102: =G95*0.2 -> 33.136667 | H102: =H95*0.2 -> 33.136667 | I102: =I95*0.2 -> 33.136667 | ... M102: =M95*0.2 -> 33.136667 | O102: Assurance + Loyers PAS DE TVA
A103: TVA déductible sur immobilisation | C103: =336*0.2 -> 67.2
A104: TVA DEDUCTIBLE TOTAL | B104: =SUM(B101:B103) -> 83.445273 | C104: =SUM(C101:C103) -> 148.98879 | D104: =SUM(D101:D103) -> 133.30899 | E104: =SUM(E101:E103) -> 176.50777 | F104: =SUM(F101:F103) -> 165.21765 | G104: =SUM(G101:G103) -> 199.37745 | H104: =SUM(H101:H103) -> 149.44217 | I104: =SUM(I101:I103) -> 59.055887 | ... M104: =SUM(M101:M103) -> 149.54825
A105: TVA à décaisser | B105: =B100-B104 -> 73.940727 | C105: =C100-C104 -> 2.6852067 | D105: =D100-D104 -> 37.745007 | E105: =E100-E104 -> 28.128227 | F105: =F100-F104 -> 157.59035 | G105: =G100-G104 -> 216.05055 | H105: =H100-H104 -> -25.492167 | I105: =I100-I104 -> 77.562113 | ... M105: =M100-M104 -> 2.3537533
A106: Crédit de TVA | B106: 0 | C106: =IF(B105<0,-B105,0) -> 0 | D106: =IF(C105<0,-C105,0) -> 0 | E106: =IF(D105<0,-D105,0) -> 0 | F106: =IF(E105<0,-E105,0) -> 0 | G106: =IF(F105<0,-F105,0) -> 0 | H106: =IF(G105<0,-G105,0) -> 0 | I106: =IF(H105<0,-H105,0) -> 25.492167 | J106: =IF(I105<0,-I105,0) -> 0 | ... M106: =IF(L105<0,-L105,0) -> 0
A107: TVA à payer | B107: ='état fi prévis'!G69-'état fi prévis'!D66 -> 140 | C107: =IF(B105-B106>0,B105-B106,0) -> 73.940727 | D107: =IF(C105-C106>0,C105-C106,0) -> 2.6852067 | E107: =IF(D105-D106>0,D105-D106,0) -> 37.745007 | F107: =IF(E105-E106>0,E105-E106,0) -> 28.128227 | G107: =IF(F105-F106>0,F105-F106,0) -> 157.59035 | H107: =IF(G105-G106>0,G105-G106,0) -> 216.05055 | I107: =IF(H105-H106>0,H105-H106,0) -> 0 | J107: =IF(I105-I106>0,I105-I106,0) -> 52.069947 | ... N107: =IF(M105-M106>0,M105-M106,0) -> 2.3537533
A110: BUDGET DES DECAISSEMENTS
B111: =B99 -> 43101 | C111: =C99 -> 43132 | D111: =D99 -> 43160 | E111: =E99 -> 43191 | F111: =F99 -> 43221 | G111: =G99 -> 43252 | H111: =H99 -> 43282 | I111: =I99 -> 43313 | ... M111: =M99 -> 43435
A112: Achat TTC | D112: =B76*1.2 -> 301.85164 | E112: =C76*1.2 -> 291.91276 | F112: =D76*1.2 -> 601.03396 | G112: =E76*1.2 -> 818.22664 | H112: =F76*1.2 -> 792.48592 | I112: =G76*1.2 -> 997.44472 | J112: =H76*1.2 -> 697.833 | K112: =I76*1.2 -> 155.51532 | ... O112: =M76*1.2 -> 698.46948 | Q112: ACHAT PAYABLE 60J (page 6)
...

Sheet état fi prévis
A1: Compte de Résultat analytique PREVISIONNEL de 2018 | H1: Cpte de Rt comptable
H2: Ventes | J2: =F4 -> 15955.538
B3: Alpha | C3: beta | D3: gamma | E3: serie | F3: Total | H3: var stocks PF/EnCours | J3: =K53-M36 -> -452.10924
A4: Chiffre d'affaires | B4: =('tréso prév'!N41) -> 2058.4427 | C4: ='tréso prév'!N44 -> 3668.3794 | D4: ='tréso prév'!N47 -> 2136.5455 | E4: ='tréso prév'!N48 -> 8092.17 | F4: =SUM(B4:E4) -> 15955.538 | H4: reprise provisions | J4: =G60+C65 -> 390
H5: Total produits d'exploitation | J5: =SUM(J2:J4) -> 15893.428
A6: coût des ventes | B6: =H33 -> 1677.9711 | C6: =H34 -> 2542.8101 | D6: =H35 -> 1477.2199 | E6: =H36 -> 4809.2429 | F6: =SUM(B6:E6) -> 10507.244
A7: transport sur ventes | B7: ='coûts prévis'!$B$24*'état fi prévis'!B4/'état fi prévis'!$F$4 -> 32.252794 | C7: ='coûts prévis'!$B$24*'état fi prévis'!C4/'état fi prévis'!$F$4 -> 57.478155 | D7: ='coûts prévis'!$B$24*'état fi prévis'!D4/'état fi prévis'!$F$4 -> 33.476551 | E7: ='coûts prévis'!$B$24*'état fi prévis'!E4/'état fi prévis'!$F$4 -> 126.7925 | F7: =SUM(B7:E7) -> 250 | H7: Achats | J7: ='tréso prév'!N76 -> 5490.6293
A8: assurance RC | B8: ='coûts prévis'!$B$23*'état fi prévis'!B4/'état fi prévis'!$F$4 -> 16.126397 | C8: ='coûts prévis'!$B$23*'état fi prévis'!C4/'état fi prévis'!$F$4 -> 28.739077 | D8: ='coûts prévis'!$B$23*'état fi prévis'!D4/'état fi prévis'!$F$4 -> 16.738275 | E8: ='coûts prévis'!$B$23*'état fi prévis'!E4/'état fi prévis'!$F$4 -> 63.39625 | F8: =SUM(B8:E8) -> 125 | H8: Variation stocks mat prem
A9: Provision garanties | B9: =0.8%*B4 -> 16.467542 | C9: =0.8%*C4 -> 29.347036 | D9: =0.8%*D4 -> 17.092364 | E9: =0.8%*E4 -> 64.73736 | F9: =SUM(B9:E9) -> 127.6443 | H9: services extérieurs | J9: =SUM('coûts prévis'!B14:B30)-'coûts prévis'!B25 -> 2285.2
A10: coût de la sous activité | F10: =('données prév'!C64*'coûts prévis'!C38+'données prév'!E64*'coûts prévis'!D38+'données prév'!G64*'coûts prévis'!E38+'coûts prévis'!F38*'données prév'!I64)/1000 -> 183.83793 | H10: Charges de personnel | J10: ='coûts prévis'!B12+'coûts prévis'!B13 -> 5810.2467
H11: Impôts et taxes | J11: ='coûts prévis'!B25 -> 210
A12: Marge brute | B12: =B4-SUM(B6:B9) -> 315.62484 | C12: =C4-SUM(C6:C9) -> 1010.0051 | D12: =D4-SUM(D6:D9) -> 592.01836 | E12: =E4-SUM(E6:E9) -> 3028.001 | F12: =F4-SUM(F6:F10) -> 4761.8114 | G12: K€ | H12: Perte sur créance irrécouv | J12: =C65 -> 250
B13: =B12/B4 -> 0.15333186 | C13: =C12/C4 -> 0.27532733 | D13: =D12/D4 -> 0.2770914 | E13: =E12/E4 -> 0.374189 | F13: =F12/F4 -> 0.29844256 | G13: % | H13: Dotation amortissements | J13: ='coûts prévis'!B31 -> 840
H14: Dotation provisions | J14: ='état fi prévis'!F9 -> 127.6443
A15: R&D | F15: ='données prév'!C55*'coûts prévis'!C38/1000 -> 256.0806 | H15: Total charges d'exploitation | J15: =SUM(J7:J14) -> 15013.72
A16: Service Commercial | F16: ='coûts prévis'!I36 -> 2340.9978
A17: Service Administratif | F17: ='coûts prévis'!J36 -> 790.09999 | H17: Résultat d'exploitation | J17: =J5-J15 -> 879.70806 | K17: 880
A18: Service Achats | F18: ='coûts prévis'!H36 -> 284.5627
A19: Autres coûts | F19: ='coûts prévis'!M25 -> 210 | H19: Produits financiers | J19: =F25 -> 0.82362587
H20: Charges financières | J20: =F24 -> 63.149394
A21: Résultat exploitation | E21: 880 | F21: =F12-SUM(F15:F19) -> 880.07036
H22: Résultat courant | J22: =J17+J19-J20 -> 817.3823
A24: Charges financières | F24: ='tréso prév'!N143+'tréso prév'!N142+SUM('tréso prév'!B125:M125) -> 63.149394
A25: Produits financiers | F25: ='tréso prév'!N144 -> 0.82362587
A26: résultat financier | F26: =F25-F24 -> -62.325769 | H26: Impôt | J26: =J22/3 -> 272.46077
A27: Impôt | F27: =(F21+F26)*1/3 -> 272.58153 | H27: Participation
A28: Participation
A29: Résultat net | F29: =F21+F26-F27 -> 545.16306 | H29: Résultat net | J29: =J22-J26 -> 544.92153
A31: COUTS DES | B31: machines produites en 2018 | E31: machines produites en 2017/2018 | H31: coût total des ventes | K31: Stock initial d'en cours
A32: VENTES | B32: quantité | C32: PU | D32: montant | E32: en cours fin 17 | F32: ct montage 2018 | G32: total | H32: des ventes | K32: achats | L32: hh | M32: encours tot
A33: alpha | B33: ='tréso prév'!N28-2 -> 11 | C33: ='coûts prévis'!H43 -> 129.24148 | D33: =B33*C33 -> 1421.6563 | E33: =M33 -> 229.73154 | F33: =2*'coûts prévis'!F43/1000 -> 26.58324 | G33: =SUM(E33:F33) -> 256.31478 | H33: =D33+G33 -> 1677.9711 | J33: alpha | K33: 150 | L33: 79.731544 | M33: 229.73154
A34: beta | B34: ='tréso prév'!N31-2 -> 12 | C34: ='coûts prévis'!H44 -> 181.77878 | D34: =B34*C34 -> 2181.3454 | E34: =M34 -> 324.91275 | F34: =2*'coûts prévis'!F44/1000 -> 36.551955 | G34: =SUM(E34:F34) -> 361.46471 | H34: =D34+G34 -> 2542.8101 | J34: beta | K34: 200 | L34: 124.91275 | M34: 324.91275
A35: gamma | B35: ='tréso prév'!N34-2 -> 2 | C35: ='coûts prévis'!H45 -> 371.3645 | D35: =B35*C35 -> 742.729 | E35: =M35 -> 671.3557 | F35: =2*'coûts prévis'!F45/1000 -> 63.135194 | G35: =SUM(E35:F35) -> 734.4909 | H35: =D35+G35 -> 1477.2199 | J35: gamma | K35: 480 | L35: 191.3557 | M35: 671.3557
A36: produits en série | B36: ='tréso prév'!N35 -> 15867 | C36: ='coûts prévis'!H46 -> 0.30309717 | D36: =B36*C36 -> 4809.2429 | H36: =D36+G36 -> 4809.2429 | M36: 1226
B37: fab 2018 et vente 2018 | H37: =SUM(H33:H36) -> 10507.244
F39: en cours fin décembre
A40: Analyse des encours fin 2018 | C40: machines Alpha | F40: machines Béta | I40: machines Gamma
B41: date de la commande >> | C41: octobre | D41: novembre | E41: décembre | F41: octobre | G41: novembre | H41: décembre | I41: octobre | J41: novembre | K41: décembre
A42: nb de machines commandées | C42: ='tréso prév'!K5 -> 0 | D42: ='tréso prév'!L5 -> 0 | E42: ='tréso prév'!M5 -> 1 | F42: ='tréso prév'!K8 -> 2 | G42: ='tréso prév'!L8 -> 3 | H42: ='tréso prév'!M8 -> 0 | I42: ='tréso prév'!K11 -> 1 | J42: ='tréso prév'!L11 -> 1 | K42: ='tréso prév'!M11 -> 1
A43: début production | E43: janvier | F43: novembre | G43: décembre | H43: janvier | I43: novembre | J43: décembre | K43: janvier
A44: mois d'engagemt des heures d'études | E44: janvier | F44: novembre | G44: décembre | H44: janvier | I44: novembre | J44: décembre | K44: janvier
A45: mois d'engagemt des achats | E45: février | F45: décembre | G45: janvier | H45: février | I45: décembre | J45: janvier | K45: février
A46: mois d'engagemt de l'usinage | E46: février | F46: décembre | G46: janvier | H46: février | I46: décembre | J46: janvier | K46: février
A47: mois d'engagemt du montage | E47: mars | F47: janvier | G47: février | H47: mars | I47: janvier | J47: février | K47: mars
A48: Evaluation encours | B48: achat | E48: bureau d'étude | H48: usinage 1 et 2
A49: finaux fin 2018 | B49: nb de machines | C49: coût par machine | D49: montant | E49: nb de machines | F49: coût par machine | G49: montant | H49: nb de machines | I49: coût par machine | J49: montant | K49: TOTAL
A50: alpha | K50: 0
A51: beta | B51: =F42 -> 2 | C51: ='coûts prévis'!B44/1000 -> 102 | D51: =B51*C51 -> 204 | E51: =F42+G42 -> 5 | F51: ='coûts prévis'!C44/1000 -> 23.280054 | G51: =E51*F51 -> 116.40027 | H51: =F42 -> 2 | I51: =('coûts prévis'!D44+'coûts prévis'!E44)/1000 -> 38.222748 | J51: =H51*I51 -> 76.445497 | K51: =D51+G51+J51 -> 396.84577
A52: gamma | B52: =I42 -> 1 | C52: ='coûts prévis'!B45/1000 -> 244.8 | D52: =B52*C52 -> 244.8 | E52: =I42+J42 -> 2 | F52: ='coûts prévis'!C45/1000 -> 37.248087 | G52: =E52*F52 -> 74.496173 | H52: =I42 -> 1 | I52: =('coûts prévis'!D45+'coûts prévis'!E45)/1000 -> 57.748817 | J52: =H52*I52 -> 57.748817 | K52: =D52+G52+J52 -> 377.04499
K53: =SUM(K50:K52) -> 773.89076
A54: BILAN REEL AU 31 DECEMBRE 2017 en k€
B55: ACTIF | F55: PASSIF
A56: Immobilisations | B56: Brut | C56: Réduction | D56: Net | E56: capitaux propres
A57: incorporelles | E57: capital | G57: 5500
A58: corporelles | B58: 15300 | C58: 6700 | D58: =+B58-C58 -> 8600 | E58: réserves | G58: 2048.3636
A59: financières | E59: résultat | G59: 600
E60: provisions | G60: 140
E61: dettes financières
A62: Actif circulant : | B62: Brut | C62: Réduction | D62: Net | E62: emprunt | G62: 1200
A63: Stock | B63: 2930 | C63: 300 | D63: =+B63-C63 -> 2630 | E63: intérêts courus non échus | G63: 0
A64: Avances frs immo | B64: 70 | C64: 0 | D64: =+B64-C64 -> 70 | E64: Concours bancaires | G64: 510
A65: Créances Clients | B65: 1970 | C65: 250 | D65: =+B65-C65 -> 1720 | E65: dettes d'exploitation
A66: créances sur l'Etat (TVA) | B66: 130 | D66: =+B66-C66 -> 130 | E66: avances clients | G66: 616.63636
A67: créances sur l'Etat (IS) | B67: 260 | D67: =+B67-C67 -> 260 | E67: dettes fournisseurs | G67: 1900
A68: Disponibilités | B68: 90 | D68: =+B68-C68 -> 90 | E68: dettes sociales | G68: 420
E69: dettes fiscales (TVA) | G69: 270
E70: dettes fiscales (IS) | G70: 295
A71: TOTAL | B71: =SUM(B57:B70) -> 20750 | C71: =SUM(C57:C70) -> 7250 | D71: =SUM(D57:D70) -> 13500 | E71: TOTAL | G71: 13500
A73: BILAN PREVISIONNEL AU 31 DECEMBRE 2018 en k€
B74: ACTIF | F74: PASSIF
A75: Immobilisations | B75: Brut | C75: Réduction | D75: Net | E75: capitaux propres
A76: incorporelles | E76: capital | G76: =G57 -> 5500
A77: corporelles | B77: =B58+336-150 -> 15486 | C77: ='état fi prévis'!C58+'état fi prévis'!J13-150 -> 7390 | D77: =B77-C77 -> 8096 | E77: réserves | G77: =G59-'tréso prév'!H128+G58 -> 2448.3636
A78: financières | E78: résultat | G78: =J29 -> 544.92153
E79: provisions | G79: =F9 -> 127.6443
E80: dettes financières
A81: Actif circulant : | B81: Brut | C81: Réduction | D81: Net | E81: emprunt | G81: =1200-'tréso prév'!J126 -> 960
A82: Stock | B82: =B63+J3 -> 2477.8908 | C82: =C63 -> 300 | D82: =B82-C82 -> 2177.8908 | E82: intérêts courus non échus | G82: 0
A83: Avances fournisseurs | E83: Concours bancaires | G83: =-'tréso prév'!M145 -> 42.814621
A84: Créances Clients | D84: ='tréso prév'!N63+'tréso prév'!O63 -> 1511.412 | E84: dettes d'exploitation
A85: créances sur l'Etat (TVA) | E85: avances clients | G85: =SUM('tréso prév'!K54:M54,'tréso prév'!K57:M57,'tréso prév'!K60:M60) -> 490.48696
A86: créances sur l'Etat (IS) | D86: =SUM('tréso prév'!B123:M123) -> 295 | E86: dettes fournisseurs | G86: ='tréso prév'!N112+'tréso prév'!O112+'tréso prév'!N120+'tréso prév'!N124 -> 1273.4905
A87: Disponibilités | E87: dettes sociales | G87: ='tréso prév'!N119 -> 417.3636
E88: dettes fiscales (TVA) | G88: ='tréso prév'!N107 -> 2.3537533
E89: dettes fiscales (IS) | G89: =J26 -> 272.46077
A90: TOTAL | D90: =SUM(D76:D79,D82:D89) -> 12080.303 | E90: TOTAL | G90: =SUM(G76:G79,G81:G83,G85:G89) -> 12079.9

Sheet données réelles
A1: PRISES DE COMMANDES REELLES en QUANTITE
B2: =+B32 -> 43101 | C2: =+C32 -> 43132 | D2: =+D32 -> 43160 | E2: =+E32 -> 43191 | F2: =+F32 -> 43221 | G2: =+G32 -> 43252 | H2: =+H32 -> 43282 | I2: =+I32 -> 43313 | ... M2: =+M32 -> 43435 | N2: TOTAL
A3: Alpha France | B3: 2 | D3: 2 | G3: 1 | J3: 2 | M3: 1 | N3: =+SUM(B3:M3) -> 8
A4: Alpha Export | B4: 1 | C4: 1 | F4: 3 | H4: 1 | N4: =+SUM(B4:M4) -> 6
A5: TOTAL ALPHA | B5: =+B3+B4 -> 3 | C5: =+C3+C4 -> 1 | D5: =+D3+D4 -> 2 | E5: =+E3+E4 -> 0 | F5: =+F3+F4 -> 3 | G5: =+G3+G4 -> 1 | H5: =+H3+H4 -> 1 | I5: =+I3+I4 -> 0 | ... N5: =+N3+N4 -> 14
A6: Beta France | C6: 2 | D6: 2 | E6: 1 | I6: 2 | K6: 2 | L6: 1 | N6: =+SUM(B6:M6) -> 10
A7: Beta export | E7: 3 | L7: 2 | N7: =+SUM(B7:M7) -> 5
A8: TOTAL BETA | B8: =+B6+B7 -> 0 | C8: =+C6+C7 -> 2 | D8: =+D6+D7 -> 2 | E8: =+E6+E7 -> 4 | F8: =+F6+F7 -> 0 | G8: =+G6+G7 -> 0 | H8: =+H6+H7 -> 0 | I8: =+I6+I7 -> 2 | ... N8: =+N6+N7 -> 15
A9: gamma France | C9: 1 | F9: 1 | L9: 1 | N9: =+SUM(B9:M9) -> 3
A10: gamma Export | D10: 1 | K10: 1 | M10: 1 | N10: =+SUM(B10:M10) -> 3
A11: TOTAL GAMMA | B11: =+B9+B10 -> 0 | C11: =+C9+C10 -> 1 | D11: =+D9+D10 -> 1 | E11: =+E9+E10 -> 0 | F11: =+F9+F10 -> 1 | G11: =+G9+G10 -> 0 | H11: =+H9+H10 -> 0 | I11: =+I9+I10 -> 0 | ... N11: =+N9+N10 -> 6
A12: Produits en série | B12: 1470 | C12: 1420 | D12: 1590 | E12: 1330 | F12: 1200 | G12: 1950 | H12: 650 | I12: 384 | J12: 1154 | K12: 1622 | L12: 1158 | M12: 932 | N12: =SUM(B12:M12) -> 14860
A14: Données réelles de 2018 sur les machines et produits en série
A15: Produits | B15: px de vente | C15: h études | D15: h usinage 1 | E15: h usinage 2 | F15: h montage | G15: achats
A16: alpha | B16: 149 | C16: 280 | D16: 260 | E16: 210 | F16: 385 | G16: 77 | J16: DONNEES REELLES
A17: beta | B17: 254 | C17: 520 | D17: 400 | E17: 310 | F17: 525 | G17: 102
A18: gamma | B18: 505 | C18: 800 | D18: 620 | E18: 410 | F18: 900 | G18: 247
A19: pdts en serie | B19: 0.513 | E19: 2.15 | F19: 1.95 | G19: 0.151
A21: Effectif réel et salaire mensuel brut réel de 2018
B22: salaire moyen | C22: bur études | D22: usinage 1 | E22: usinage 2 | F22: montage | G22: entretien | H22: achats | I22: commercial | J22: admin | K22: informatiq. | L22: Total
A23: ouvriers | B23: 2160 | C23: 0 | D23: 7 | E23: 20 | F23: 33 | G23: 1 | H23: 0 | I23: 0 | J23: 0 | K23: 0 | L23: =SUM(C23:K23) -> 61
A24: maitrise productive | B24: 2385 | C24: 9 | G24: 1 | L24: =SUM(C24:K24) -> 10
A25: maitrise | B25: 2385 | D25: 1 | E25: 2 | F25: 3 | H25: 3 | I25: 12 | J25: 8 | K25: 1 | L25: =SUM(C25:K25) -> 30
A26: Cadres productifs | B26: 3510 | C26: 4 | L26: =SUM(C26:K26) -> 4
A27: cadres | B27: 3510 | H27: 1 | I27: 10 | J27: 2 | K27: 1 | L27: =SUM(C27:K27) -> 14
A28: cadres sup. | B28: 4100 | C28: 1 | D28: =1/3 -> 0.33333333 | E28: =1/3 -> 0.33333333 | F28: =1/3 -> 0.33333333 | I28: 1 | J28: 2 | L28: =SUM(C28:K28) -> 5
A29: ct salarial de chaque service | C29: =SUMPRODUCT(C23:C28,$E$36:$E$41)/1000 -> 751.7029 | D29: =SUMPRODUCT(D23:D28,$E$36:$E$41)/1000 -> 358.18423 | E29: =SUMPRODUCT(E23:E28,$E$36:$E$41)/1000 -> 936.40993 | F29: =SUMPRODUCT(F23:F28,$E$36:$E$41)/1000 -> 1514.6356 | G29: =SUMPRODUCT(G23:G28,$E$36:$E$41)/1000 -> 86.2641 | H29: =SUMPRODUCT(H23:H28,$E$36:$E$41)/1000 -> 202.4217 | I29: =SUMPRODUCT(I23:I28,$E$36:$E$41)/1000 -> 1287.2236 | J29: =SUMPRODUCT(J23:J28,$E$36:$E$41)/1000 -> 651.014 | K29: =SUMPRODUCT(K23:K28,$E$36:$E$41)/1000 -> 111.8871 | L29: =SUM(C29:K29) -> 5899.7432
A31: Différence mensuelle entre les encaissements réels et les décaissements réels
B32: ='données prév'!B8 -> 43101 | C32: ='données prév'!C8 -> 43132 | D32: ='données prév'!D8 -> 43160 | E32: ='données prév'!E8 -> 43191 | F32: ='données prév'!F8 -> 43221 | G32: ='données prév'!G8 -> 43252 | H32: ='données prév'!H8 -> 43282 | I32: ='données prév'!I8 -> 43313 | ... M32: ='données prév'!M8 -> 43435
A33: solde encai-déca | B33: -1140 | C33: 1250 | D33: -526 | E33: 289 | F33: -458 | G33: -523 | H33: 376 | I33: 567 | J33: -512 | K33: 458 | L33: 360 | M33: -568
A35: ='données prév'!A41 -> salaires 2018 en euros | B35: sal mensuel moyen brut | C35: salaire annuel brut | D35: chges patro | E35: coût salarial annuel | H35: analyse de l'activité du bureau d'étude et des 3 ateliers
A36: ouvriers | B36: =B23 -> 2160 | C36: =B36*13 -> 28080 | D36: =C36*0.46 -> 12916.8 | E36: =C36+D36 -> 40996.8 | H36: nb de produits | J36: nb de machines/pdts passant en 2018 par :
A37: maitrise productive | B37: =B24 -> 2385 | C37: =B37*13 -> 31005 | D37: =C37*0.46 -> 14262.3 | E37: =C37+D37 -> 45267.3 | H37: commandés en 2018 | J37: bur études | K37: usinage 1 | L37: usinage 2 | M37: montage
A38: maitrise | B38: =B25 -> 2385 | C38: =B38*13 -> 31005 | D38: =C38*0.46 -> 14262.3 | E38: =C38+D38 -> 45267.3 | G38: alpha | H38: =N5 -> 14 | J38: =H38-M3 -> 13 | K38: =N5-M5-L5 -> 13 | L38: =K38 -> 13 | M38: =N5-SUM(K5:M5)+2 -> 15
A39: Cadres productifs | B39: =B26 -> 3510 | C39: =B39*13 -> 45630 | D39: =C39*0.46 -> 20989.8 | E39: =C39+D39 -> 66619.8 | G39: beta | H39: =N8 -> 15 | J39: =N8 -> 15 | K39: =N8-M8-L8 -> 12 | L39: =K39 -> 12 | M39: =N8-SUM(K8:M8)+2 -> 12
A40: cadres | B40: =B27 -> 3510 | C40: =B40*13 -> 45630 | D40: =C40*0.46 -> 20989.8 | E40: =C40+D40 -> 66619.8 | G40: gamma | H40: =N11 -> 6 | J40: =N11-M11 -> 5 | K40: =N11-M11-L11 -> 4 | L40: =K40 -> 4 | M40: =N11-SUM(K11:M11)+2 -> 5
A41: cadres sup. | B41: =B28 -> 4100 | C41: =B41*13 -> 53300 | D41: =C41*0.46 -> 24518 | E41: =C41+D41 -> 77818 | G41: pdt en série | H41: =N12 -> 14860 | J41: 0 | K41: 0 | L41: =N12 -> 14860 | M41: =N12 -> 14860
A43: PENSER A FAIRE :
A44: détermination du recours à l'intérim et de la sous activité
A45: le calcul des prix de vente des machines exportées
A46: le calcul des quantités commandées et vendues
A47: le calcul du chiffre d'affaires réel en k€
A48: le calcul des achats réels en k€
A49: le suivi, mois par mois, de la trésorerie réelle
A51: Besoin en | B51: BUREAU ETUDES | D51: USINAGE 1 | F51: USINAGE 2 | H51: MONTAGE
A52: heures totales | B52: standards | C52: H totales | D52: standards | E52: H totales | F52: standards | G52: H totales | H52: standards | I52: H totales
A53: alpha | B53: =C16 -> 280 | C53: =B53*J38 -> 3640 | D53: =D16 -> 260 | E53: =D53*K38 -> 3380 | F53: =E16 -> 210 | G53: =F53*L38 -> 2730 | H53: =F16 -> 385 | I53: =H53*M38 -> 5775
A54: beta | B54: =C17 -> 520 | C54: =B54*J39 -> 7800 | D54: =D17 -> 400 | E54: =D54*K39 -> 4800 | F54: =E17 -> 310 | G54: =F54*L39 -> 3720 | H54: =F17 -> 525 | I54: =H54*M39 -> 6300
A55: gamma | B55: =C18 -> 800 | C55: =B55*J40 -> 4000 | D55: =D18 -> 620 | E55: =D55*K40 -> 2480 | F55: =E18 -> 410 | G55: =F55*L40 -> 1640 | H55: =F18 -> 900 | I55: =H55*M40 -> 4500
A56: pdt en série | F56: =E19 -> 2.15 | G56: =F56*L41 -> 31949 | H56: =F19 -> 1.95 | I56: =H56*M41 -> 28977
A57: R&D | J57: prendre les 5500 ou non ? Page 10
A58: besoin total | C58: =SUM(C53:C57) -> 15440 | E58: =SUM(E53:E57) -> 10660 | G58: =SUM(G53:G57) -> 40039 | I58: =SUM(I53:I57) -> 45552
B59: BUREAU ETUDES | D59: USINAGE 1 | F59: USINAGE 2 | H59: MONTAGE
A60: Potentiel | B60: nb sal prod | C60: H totales | D60: nb sal prod | E60: H totales | F60: nb sal prod | G60: H totales | H60: nb sal prod | I60: H totales
A61: en heures | B61: =C24+C26 -> 13 | C61: =B61*35/5*225*0.95*(1-3.5%) -> 18770.456 | D61: =D23 -> 7 | E61: =D61*35/5*225*0.95*(1-3.5%) -> 10107.169 | F61: =E23 -> 20 | G61: =F61*35/5*225*0.95*(1-3.5%)*3/2 -> 43316.438 | H61: =F23 -> 33 | I61: =H61*35/5*225*0.95*(1-3.5%) -> 47648.081 | J61: TAUX D'ABSENTEISME DE 3,5%
A63: détermination du recours à l'intérim et de la sous activité
A64: nb d'heur d'interim | C64: =IF(C58>C61,C58-C61,0) -> 0 | E64: =IF(E58>E61,E58-E61,0) -> 552.83125 | G64: =IF(G58>G61,G58-G61,0) -> 0 | I64: =IF(I58>I61,I58-I61,0) -> 0
A66: heur de sous activité | C66: =IF(C58<C61,-(C58-C61),0) -> 3330.4562 | E66: =IF(E58<E61,-(E58-E61),0) -> 0 | G66: =IF(G58<G61,-(G58-G61),0) -> 3277.4375 | I66: =IF(I58<I61,-(I58-I61),0) -> 2096.0812
A69: Calcul DES PRIX DE VENTE (en k€) pour les MACHINES EXPORTEES
B70: =B32 -> 43101 | C70: =C32 -> 43132 | D70: =D32 -> 43160 | E70: =E32 -> 43191 | F70: =F32 -> 43221 | G70: =G32 -> 43252 | H70: =H32 -> 43282 | I70: =I32 -> 43313 | ... M70: =M32 -> 43435
A71: cours de change | B71: 1.1 | C71: 1.1 | D71: 1.1 | E71: 1.17 | F71: 1.17 | G71: 1.17 | H71: 1.17 | I71: 1.17 | J71: 1.17 | K71: 1.17 | L71: 1.17 | M71: 1.17 | N71: CHANGEMENT DE TAUX REEL
A72: prix Alpha en k$ | B72: ='données prév'!$I$25 -> 190.4 | C72: ='données prév'!$I$25 -> 190.4 | D72: ='données prév'!$I$25 -> 190.4 | E72: ='données prév'!$I$25 -> 190.4 | F72: ='données prév'!$I$25 -> 190.4 | G72: ='données prév'!$I$25 -> 190.4 | H72: ='données prév'!$I$25 -> 190.4 | I72: ='données prév'!$I$25 -> 190.4 | ... M72: ='données prév'!$I$25 -> 190.4
A73: prix Alpha en k€ | B73: =B72/B71 -> 173.09091 | C73: =C72/C71 -> 173.09091 | D73: =D72/D71 -> 173.09091 | E73: =E72/E71 -> 162.73504 | F73: =F72/F71 -> 162.73504 | G73: =G72/G71 -> 162.73504 | H73: =H72/H71 -> 162.73504 | I73: =I72/I71 -> 162.73504 | ... M73: =M72/M71 -> 162.73504
A74: prix Beta en k$ | B74: ='données prév'!$I$27 -> 315 | C74: ='données prév'!$I$27 -> 315 | D74: ='données prév'!$I$27 -> 315 | E74: ='données prév'!$I$27 -> 315 | F74: ='données prév'!$I$27 -> 315 | G74: ='données prév'!$I$27 -> 315 | H74: ='données prév'!$I$27 -> 315 | I74: ='données prév'!$I$27 -> 315 | ... M74: ='données prév'!$I$27 -> 315
A75: prix Beta en k€ | B75: =B74/B71 -> 286.36364 | C75: =C74/C71 -> 286.36364 | D75: =D74/D71 -> 286.36364 | E75: =E74/E71 -> 269.23077 | F75: =F74/F71 -> 269.23077 | G75: =G74/G71 -> 269.23077 | H75: =H74/H71 -> 269.23077 | I75: =I74/I71 -> 269.23077 | ... M75: =M74/M71 -> 269.23077
A76: prix Gamma en k$ | B76: ='données prév'!$I$29 -> 625.1 | C76: ='données prév'!$I$29 -> 625.1 | D76: ='données prév'!$I$29 -> 625.1 | E76: ='données prév'!$I$29 -> 625.1 | F76: ='données prév'!$I$29 -> 625.1 | G76: ='données prév'!$I$29 -> 625.1 | H76: ='données prév'!$I$29 -> 625.1 | I76: ='données prév'!$I$29 -> 625.1 | ... M76: ='données prév'!$I$29 -> 625.1
A77: prix Gamma en k€ | B77: =B76/B71 -> 568.27273 | C77: =C76/C71 -> 568.27273 | D77: =D76/D71 -> 568.27273 | E77: =E76/E71 -> 534.2735 | F77: =F76/F71 -> 534.2735 | G77: =G76/G71 -> 534.2735 | H77: =H76/H71 -> 534.2735 | I77: =I76/I71 -> 534.2735 | ... M77: =M76/M71 -> 534.2735

Sheet coûts réels
A1: Clés de répartition | B1: BE | C1: usinage 1 | D1: usinage 2 | E1: montage | F1: entretien | G1: achats | H1: commercial | I1: administrat. | J1: informatiq. | K1: Total
A2: Surfaces brutes | B2: 300 | C2: 1500 | D2: 1500 | E2: 1500 | F2: 0 | G2: 100 | H2: 500 | I2: =240+60 -> 300 | J2: 50 | K2: =SUM(B2:J2) -> 5750
A3: surfaces corrigées | B3: =B2*2 -> 600 | C3: =C2 -> 1500 | D3: =D2 -> 1500 | E3: =E2 -> 1500 | F3: =F2 -> 0 | G3: =G2*2 -> 200 | H3: =H2*2 -> 1000 | I3: =I2*2 -> 600 | J3: =J2*2 -> 100 | K3: =SUM(B3:J3) -> 7000
A4: surfaces en % du total | B4: =B3/$K$3 -> 0.085714286 | C4: =C3/$K$3 -> 0.21428571 | D4: =D3/$K$3 -> 0.21428571 | E4: =E3/$K$3 -> 0.21428571 | F4: =F3/$K$3 -> 0 | G4: =G3/$K$3 -> 0.028571429 | H4: =H3/$K$3 -> 0.14285714 | I4: =I3/$K$3 -> 0.085714286 | J4: =J3/$K$3 -> 0.014285714 | K4: =SUM(B4:J4) -> 1
A5: nb de technic / cadres | B5: =SUM('données réelles'!C24:C28) -> 14 | C5: =SUM('données réelles'!D24:D28) -> 1.3333333 | D5: =SUM('données réelles'!E24:E28) -> 2.3333333 | E5: =SUM('données réelles'!F24:F28) -> 3.3333333 | G5: =SUM('données réelles'!H24:H28) -> 4 | H5: =SUM('données réelles'!I24:I28) -> 23 | I5: =SUM('données réelles'!J24:J28) -> 12 | J5: 0 | K5: =SUM(B5:J5) -> 60
A6: % technic cadres | B6: =B5/$K$6 -> 0.23333333 | C6: =C5/$K$6 -> 0.022222222 | D6: =D5/$K$6 -> 0.038888889 | E6: =E5/$K$6 -> 0.055555556 | F6: =F5/$K$6 -> 0 | G6: =G5/$K$6 -> 0.066666667 | H6: =H5/$K$6 -> 0.38333333 | I6: =I5/$K$6 -> 0.2 | ... K6: =K5/$K$6 -> 1
A8: Coût des sections | B8: TOTAL en k€ | C8: BE | D8: usinage 1 | E8: usinage 2 | F8: montage | G8: entretien | H8: achats | I8: commercial | J8: administrat. | K8: informatiq. | L8: bâtiment | M8: autre répart | O8: Ecart
A9: personnel | B9: ='données réelles'!L29 -> 5899.7432 | C9: ='données réelles'!C29 -> 751.7029 | D9: ='données réelles'!D29 -> 358.18423 | E9: ='données réelles'!E29 -> 936.40993 | F9: ='données réelles'!F29 -> 1514.6356 | G9: ='données réelles'!G29 -> 86.2641 | H9: ='données réelles'!H29 -> 202.4217 | I9: ='données réelles'!I29 -> 1287.2236 | J9: ='données réelles'!J29 -> 651.014 | K9: ='données réelles'!K29 -> 111.8871 | N9: =SUM(C9:M9) -> 5899.7432 | O9: =B9-N9 -> 0
A10: main d'œuvre externe | B10: =D10 -> 19.22526 | D10: ='données réelles'!E64*18.4/1000*1.89 -> 19.22526 | N10: =SUM(C10:M10) -> 19.22526 | O10: =B10-N10 -> 0
A11: consommable atelier (1) | B11: 115.2 | D11: =$B$11*'données réelles'!E61/('données réelles'!$E$61+'données réelles'!$G$61) -> 21.794595 | E11: =$B$11*'données réelles'!G61/('données réelles'!$E$61+'données réelles'!$G$61) -> 93.405405 | N11: =SUM(C11:M11) -> 115.2 | O11: =B11-N11 -> 0
A12: fournitures de bureau | B12: 60 | H12: =$B$12/3 -> 20 | I12: =$B$12/3 -> 20 | J12: =$B$12/3 -> 20 | N12: =SUM(C12:M12) -> 60 | O12: =B12-N12 -> 0
A13: utilités | B13: 100 | L13: =B13 -> 100 | N13: =SUM(C13:M13) -> 100 | O13: =B13-N13 -> 0
A14: énergie (1) | B14: 200 | D14: =$B$14*'données réelles'!E61/('données réelles'!$E$61+'données réelles'!$G$61) -> 37.837838 | E14: =$B$14*'données réelles'!G61/('données réelles'!$E$61+'données réelles'!$G$61) -> 162.16216 | N14: =SUM(C14:M14) -> 200 | O14: =B14-N14 -> 0
A15: entretien batiment | B15: 30 | L15: =B15 -> 30 | N15: =SUM(C15:M15) -> 30 | O15: =B15-N15 -> 0
A16: entretien machines (1) | B16: 110 | D16: =$B$16*'données réelles'!E61/('données réelles'!$E$61+'données réelles'!$G$61) -> 20.810811 | E16: =$B$16*'données réelles'!G61/('données réelles'!$E$61+'données réelles'!$G$61) -> 89.189189 | N16: =SUM(C16:M16) -> 110 | O16: =B16-N16 -> 0
A17: télécom | B17: 90 | C17: =0.1*B17 -> 9 | H17: =0.05*B17 -> 4.5 | I17: =0.75*B17 -> 67.5 | J17: =0.1*B17 -> 9 | N17: =SUM(C17:M17) -> 90 | O17: =B17-N17 -> 0
A18: documentation tech | B18: 15 | C18: =B18 -> 15 | N18: =SUM(C18:M18) -> 15 | O18: =B18-N18 -> 0
A19: assurances bat | B19: 95 | L19: =B19 -> 95 | N19: =SUM(C19:M19) -> 95 | O19: =B19-N19 -> 0
A20: assurance RC | B20: 125 | M20: =B20 -> 125 | N20: =SUM(C20:M20) -> 125 | O20: =B20-N20 -> 0
A21: transports | B21: 250 | M21: =B21 -> 250 | N21: =SUM(C21:M21) -> 250 | O21: =B21-N21 -> 0
A22: Impots | B22: 210 | M22: =B22 -> 210 | N22: =SUM(C22:M22) -> 210 | O22: =B22-N22 -> 0
A23: loc matériel | B23: 35 | F23: 25 | K23: 10 | N23: =SUM(C23:M23) -> 35 | O23: =B23-N23 -> 0
A24: frais déplac | B24: 800 | C24: =0.05*B24 -> 40 | H24: =0.05*B24 -> 40 | I24: =0.8*B24 -> 640 | J24: =0.1*B24 -> 80 | N24: =SUM(C24:M24) -> 800 | O24: =B24-N24 -> 0
A25: publicité | B25: 125 | I25: =B25 -> 125 | N25: =SUM(C25:M25) -> 125 | O25: =B25-N25 -> 0
A26: honoraires | B26: 35 | J26: =B26 -> 35 | N26: =SUM(C26:M26) -> 35 | O26: =B26-N26 -> 0
A27: Commissions | B27: 100 | I27: =B27 -> 100 | N27: =SUM(C27:M27) -> 100 | O27: =B27-N27 -> 0
A28: amortissements | B28: =SUM(C28:M28) -> 840 | D28: =150 -> 150 | E28: =450+(336)/7*10/12 -> 490 | F28: 75 | K28: 25 | L28: 100 | N28: =SUM(C28:M28) -> 840 | O28: =B28-N28 -> 0
A29: Sous Total en k€ | B29: =SUM(B9:B28) -> 9254.1685 | C29: =SUM(C9:C28) -> 815.7029 | D29: =SUM(D9:D28) -> 607.85274 | E29: =SUM(E9:E28) -> 1771.1667 | F29: =SUM(F9:F28) -> 1614.6356 | G29: =SUM(G9:G28) -> 86.2641 | H29: =SUM(H9:H28) -> 266.9217 | I29: =SUM(I9:I28) -> 2239.7236 | ... M29: =SUM(M9:M28) -> 585
A30: revers entretien | B30: =SUM(C30:M30) -> 5.5511151e-15 | C30: =$G$29*B4*30% -> 2.2182197 | D30: =$G$29*35%+$G$29*30%*C4 -> 35.737984 | E30: =$G$29*35%+$G$29*30%*D4 -> 35.737984 | F30: =$G$29*E4*30% -> 5.5455493 | G30: =-G29 -> -86.2641 | H30: =$G$29*G4*30% -> 0.73940657 | I30: =$G$29*H4*30% -> 3.6970329 | J30: =$G$29*I4*30% -> 2.2182197 | K30: =$G$29*J4*30% -> 0.36970329 | L30: 0
A31: revers batiment | C31: =$L$29*B4 -> 27.857143 | D31: =$L$29*C4 -> 69.642857 | E31: =$L$29*D4 -> 69.642857 | F31: =$L$29*E4 -> 69.642857 | G31: =$L$29*F4 -> 0 | H31: =$L$29*G4 -> 9.2857143 | I31: =$L$29*H4 -> 46.428571 | J31: =$L$29*I4 -> 27.857143 | K31: =$L$29*J4 -> 4.6428571 | L31: =-L29 -> -325
A32: revers informatique | C32: =-$K$32*B6 -> 35.443254 | D32: =-$K$32*C6 -> 3.375548 | E32: =-$K$32*D6 -> 5.907209 | F32: =-$K$32*E6 -> 8.43887 | G32: =-$K$32*F6 -> 0 | H32: =-$K$32*G6 -> 10.126644 | I32: =-$K$32*H6 -> 58.228203 | J32: =-$K$32*I6 -> 30.379932 | K32: =-SUM(K29:K31) -> -151.89966 | L32: 0
A33: TOTAL en k€ | C33: =SUM(C29:C32) -> 881.22152 | D33: =SUM(D29:D32) -> 716.60913 | E33: =SUM(E29:E32) -> 1882.4547 | F33: =SUM(F29:F32) -> 1698.2629 | G33: =SUM(G29:G32) -> 0 | H33: =SUM(H29:H32) -> 287.07346 | I33: =SUM(I29:I32) -> 2348.0774 | J33: =SUM(J29:J32) -> 855.46929 | ... M33: =SUM(M29:M32) -> 585 | N33: FAIRE LA SOMME
A34: K heures | C34: =MAX('données réelles'!C58,'données réelles'!C61) -> 18770.456 | D34: =MAX('données réelles'!E58,'données réelles'!E61) -> 10660 | E34: =MAX('données réelles'!G58,'données réelles'!G61) -> 43316.438 | F34: =MAX('données réelles'!I58,'données réelles'!I61) -> 47648.081
A35: taux horaire en € | C35: =C33/C34*1000 -> 46.947261 | D35: =D33/D34*1000 -> 67.224121 | E35: =E33/E34*1000 -> 43.458208 | F35: =F33/F34*1000 -> 35.64179
A37: (1) répartition au prorata de l'activité de chaque atelier usinage, cad au prorata des heures de chaque atelier | K37: =SUM(C33:M33) -> 9254.1685
A39: Coût par machine en € | B39: Achats | C39: BE | D39: Usinage 1 | E39: Usinage 2 | F39: Montage | G39: TOTAL | H39: TOTAL EN K€
A40: alpha | B40: ='données réelles'!G16*1000 -> 77000 | C40: =$C$35*'données réelles'!C16 -> 13145.233 | D40: =$D$35*'données réelles'!D16 -> 17478.271 | E40: =$E$35*'données réelles'!E16 -> 9126.2236 | F40: =$F$35*'données réelles'!F16 -> 13722.089 | G40: =SUM(B40:F40) -> 130471.82 | H40: =+G40/1000 -> 130.47182
A41: beta | B41: ='données réelles'!G17*1000 -> 102000 | C41: =$C$35*'données réelles'!C17 -> 24412.576 | D41: =$D$35*'données réelles'!D17 -> 26889.648 | E41: =$E$35*'données réelles'!E17 -> 13472.044 | F41: =$F$35*'données réelles'!F17 -> 18711.94 | G41: =SUM(B41:F41) -> 185486.21 | H41: =+G41/1000 -> 185.48621
A42: gamma | B42: ='données réelles'!G18*1000 -> 247000 | C42: =$C$35*'données réelles'!C18 -> 37557.809 | D42: =$D$35*'données réelles'!D18 -> 41678.955 | E42: =$E$35*'données réelles'!E18 -> 17817.865 | F42: =$F$35*'données réelles'!F18 -> 32077.611 | G42: =SUM(B42:F42) -> 376132.24 | H42: =+G42/1000 -> 376.13224
A43: serie | B43: ='données réelles'!G19*1000 -> 151 | C43: =$C$35*'données réelles'!C19 -> 0 | D43: =$D$35*'données réelles'!D19 -> 0 | E43: =$E$35*'données réelles'!E19 -> 93.435147 | F43: =$F$35*'données réelles'!F19 -> 69.501491 | G43: =SUM(B43:F43) -> 313.93664 | H43: =+G43/1000 -> 0.31393664

Sheet Tréso réelle
A1: Calcul DES PRIX DE VENTE (en k€) pour les MACHINES EXPORTEES
B2: ='données réelles'!B32 -> 43101 | C2: ='données réelles'!C32 -> 43132 | D2: ='données réelles'!D32 -> 43160 | E2: ='données réelles'!E32 -> 43191 | F2: ='données réelles'!F32 -> 43221 | G2: ='données réelles'!G32 -> 43252 | H2: ='données réelles'!H32 -> 43282 | I2: ='données réelles'!I32 -> 43313 | ... M2: ='données réelles'!M32 -> 43435
A3: cours de change | B3: ='données prév'!$M$19 -> 1.1 | C3: ='données prév'!$M$19 -> 1.1 | D3: ='données prév'!$M$19 -> 1.1 | E3: =1.17 -> 1.17 | F3: =1.17 -> 1.17 | G3: =1.17 -> 1.17 | H3: =1.17 -> 1.17 | I3: =1.17 -> 1.17 | J3: =1.17 -> 1.17 | K3: =1.17 -> 1.17 | L3: =1.17 -> 1.17 | M3: =1.17 -> 1.17
A4: prix Alpha en k$ | B4: ='données prév'!$I$25 -> 190.4 | C4: ='données prév'!$I$25 -> 190.4 | D4: ='données prév'!$I$25 -> 190.4 | E4: ='données prév'!$I$25 -> 190.4 | F4: ='données prév'!$I$25 -> 190.4 | G4: ='données prév'!$I$25 -> 190.4 | H4: ='données prév'!$I$25 -> 190.4 | I4: ='données prév'!$I$25 -> 190.4 | ... M4: ='données prév'!$I$25 -> 190.4
A5: prix Alpha en k€ | B5: =B4/B3 -> 173.09091 | C5: =C4/C3 -> 173.09091 | D5: =D4/D3 -> 173.09091 | E5: =E4/E3 -> 162.73504 | F5: =F4/F3 -> 162.73504 | G5: =G4/G3 -> 162.73504 | H5: =H4/H3 -> 162.73504 | I5: =I4/I3 -> 162.73504 | ... M5: =M4/M3 -> 162.73504
A6: prix Beta en k$ | B6: ='données prév'!$I$27 -> 315 | C6: ='données prév'!$I$27 -> 315 | D6: ='données prév'!$I$27 -> 315 | E6: ='données prév'!$I$27 -> 315 | F6: ='données prév'!$I$27 -> 315 | G6: ='données prév'!$I$27 -> 315 | H6: ='données prév'!$I$27 -> 315 | I6: ='données prév'!$I$27 -> 315 | ... M6: ='données prév'!$I$27 -> 315
A7: prix Beta en k€ | B7: =B6/B3 -> 286.36364 | C7: =C6/C3 -> 286.36364 | D7: =D6/D3 -> 286.36364 | E7: =E6/E3 -> 269.23077 | F7: =F6/F3 -> 269.23077 | G7: =G6/G3 -> 269.23077 | H7: =H6/H3 -> 269.23077 | I7: =I6/I3 -> 269.23077 | ... M7: =M6/M3 -> 269.23077
A8: prix Gamma en k$ | B8: ='données prév'!$I$29 -> 625.1 | C8: ='données prév'!$I$29 -> 625.1 | D8: ='données prév'!$I$29 -> 625.1 | E8: ='données prév'!$I$29 -> 625.1 | F8: ='données prév'!$I$29 -> 625.1 | G8: ='données prév'!$I$29 -> 625.1 | H8: ='données prév'!$I$29 -> 625.1 | I8: ='données prév'!$I$29 -> 625.1 | ... M8: ='données prév'!$I$29 -> 625.1
A9: prix Gamma en k€ | B9: =B8/B3 -> 568.27273 | C9: =C8/C3 -> 568.27273 | D9: =D8/D3 -> 568.27273 | E9: =E8/E3 -> 534.2735 | F9: =F8/F3 -> 534.2735 | G9: =G8/G3 -> 534.2735 | H9: =H8/H3 -> 534.2735 | I9: =I8/I3 -> 534.2735 | ... M9: =M8/M3 -> 534.2735
A11: PREVISION DES VENTES EN QUANTITE
B12: =B2 -> 43101 | C12: =C2 -> 43132 | D12: =D2 -> 43160 | E12: =E2 -> 43191 | F12: =F2 -> 43221 | G12: =G2 -> 43252 | H12: =H2 -> 43282 | I12: =I2 -> 43313 | ... M12: =M2 -> 43435 | N12: TOTAL | O12: 43466 | P12: 43497 | Q12: 43525
A13: Alpha France | E13: ='données réelles'!B3 -> 2 | F13: ='données réelles'!C3 -> 0 | G13: ='données réelles'!D3 -> 2 | H13: ='données réelles'!E3 -> 0 | I13: ='données réelles'!F3 -> 0 | J13: ='données réelles'!G3 -> 1 | K13: ='données réelles'!H3 -> 0 | L13: ='données réelles'!I3 -> 0 | M13: ='données réelles'!J3 -> 2 | N13: =SUM(B13:M13) -> 7 | O13: ='données réelles'!K3 -> 0 | P13: ='données réelles'!L3 -> 0 | Q13: ='données réelles'!M3 -> 1
A14: Alpha Export | B14: 2 | E14: ='données réelles'!B4 -> 1 | F14: ='données réelles'!C4 -> 1 | G14: ='données réelles'!D4 -> 0 | H14: ='données réelles'!E4 -> 0 | I14: ='données réelles'!F4 -> 3 | J14: ='données réelles'!G4 -> 0 | K14: ='données réelles'!H4 -> 1 | L14: ='données réelles'!I4 -> 0 | M14: ='données réelles'!J4 -> 0 | N14: =SUM(B14:M14) -> 8 | O14: ='données réelles'!K4 -> 0 | P14: ='données réelles'!L4 -> 0 | Q14: ='données réelles'!M4 -> 0
A15: TOTAL ALPHA | B15: =SUM(B13:B14) -> 2 | C15: =SUM(C13:C14) -> 0 | D15: =SUM(D13:D14) -> 0 | E15: =+E13+E14 -> 3 | F15: =+F13+F14 -> 1 | G15: =+G13+G14 -> 2 | H15: =+H13+H14 -> 0 | I15: =+I13+I14 -> 3 | J15: =+J13+J14 -> 1 | K15: =+K13+K14 -> 1 | L15: =+L13+L14 -> 0 | M15: =+M13+M14 -> 2 | N15: =SUM(B15:M15) -> 15 | O15: =+O13+O14 -> 0 | P15: =+P13+P14 -> 0 | Q15: =+Q13+Q14 -> 1
A16: Beta France | E16: ='données réelles'!B6 -> 0 | F16: ='données réelles'!C6 -> 2 | G16: ='données réelles'!D6 -> 2 | H16: ='données réelles'!E6 -> 1 | I16: ='données réelles'!F6 -> 0 | J16: ='données réelles'!G6 -> 0 | K16: ='données réelles'!H6 -> 0 | L16: ='données réelles'!I6 -> 2 | M16: ='données réelles'!J6 -> 0 | N16: =SUM(B16:M16) -> 7 | O16: ='données réelles'!K6 -> 2 | P16: ='données réelles'!L6 -> 1 | Q16: ='données réelles'!M6 -> 0
A17: Beta export | B17: 2 | E17: ='données réelles'!B7 -> 0 | F17: ='données réelles'!C7 -> 0 | G17: ='données réelles'!D7 -> 0 | H17: ='données réelles'!E7 -> 3 | I17: ='données réelles'!F7 -> 0 | J17: ='données réelles'!G7 -> 0 | K17: ='données réelles'!H7 -> 0 | L17: ='données réelles'!I7 -> 0 | M17: ='données réelles'!J7 -> 0 | N17: =SUM(B17:M17) -> 5 | O17: ='données réelles'!K7 -> 0 | P17: ='données réelles'!L7 -> 2 | Q17: ='données réelles'!M7 -> 0
A18: TOTAL BETA | B18: =SUM(B16:B17) -> 2 | C18: =SUM(C16:C17) -> 0 | D18: =SUM(D16:D17) -> 0 | E18: =+E16+E17 -> 0 | F18: =+F16+F17 -> 2 | G18: =+G16+G17 -> 2 | H18: =+H16+H17 -> 4 | I18: =+I16+I17 -> 0 | J18: =+J16+J17 -> 0 | K18: =+K16+K17 -> 0 | L18: =+L16+L17 -> 2 | M18: =+M16+M17 -> 0 | N18: =SUM(B18:M18) -> 12 | O18: =+O16+O17 -> 2 | P18: =+P16+P17 -> 3 | Q18: =+Q16+Q17 -> 0
A19: gamma France | E19: ='données réelles'!B9 -> 0 | F19: ='données réelles'!C9 -> 1 | G19: ='données réelles'!D9 -> 0 | H19: ='données réelles'!E9 -> 0 | I19: ='données réelles'!F9 -> 1 | J19: ='données réelles'!G9 -> 0 | K19: ='données réelles'!H9 -> 0 | L19: ='données réelles'!I9 -> 0 | M19: ='données réelles'!J9 -> 0 | N19: =SUM(B19:M19) -> 2 | O19: ='données réelles'!K9 -> 0 | P19: ='données réelles'!L9 -> 1 | Q19: ='données réelles'!M9 -> 0
A20: gamma Export | B20: 2 | E20: ='données réelles'!B10 -> 0 | F20: ='données réelles'!C10 -> 0 | G20: ='données réelles'!D10 -> 1 | H20: ='données réelles'!E10 -> 0 | I20: ='données réelles'!F10 -> 0 | J20: ='données réelles'!G10 -> 0 | K20: ='données réelles'!H10 -> 0 | L20: ='données réelles'!I10 -> 0 | M20: ='données réelles'!J10 -> 0 | N20: =SUM(B20:M20) -> 3 | O20: ='données réelles'!K10 -> 1 | P20: ='données réelles'!L10 -> 0 | Q20: ='données réelles'!M10 -> 1
A21: TOTAL GAMMA | B21: =SUM(B19:B20) -> 2 | C21: =SUM(C19:C20) -> 0 | D21: =SUM(D19:D20) -> 0 | E21: =+E19+E20 -> 0 | F21: =+F19+F20 -> 1 | G21: =+G19+G20 -> 1 | H21: =+H19+H20 -> 0 | I21: =+I19+I20 -> 1 | J21: =+J19+J20 -> 0 | K21: =+K19+K20 -> 0 | L21: =+L19+L20 -> 0 | M21: =+M19+M20 -> 0 | N21: =SUM(B21:M21) -> 5 | O21: =+O19+O20 -> 1 | P21: =+P19+P20 -> 1 | Q21: =+Q19+Q20 -> 1
A22: Produits en série | B22: ='données réelles'!B12 -> 1470 | C22: ='données réelles'!C12 -> 1420 | D22: ='données réelles'!D12 -> 1590 | E22: ='données réelles'!E12 -> 1330 | F22: ='données réelles'!F12 -> 1200 | G22: ='données réelles'!G12 -> 1950 | H22: ='données réelles'!H12 -> 650 | I22: ='données réelles'!I12 -> 384 | ... N22: ='données réelles'!N12 -> 14860
A24: PREVISION DES VENTES en K€
B25: =B2 -> 43101 | C25: =C2 -> 43132 | D25: =D2 -> 43160 | E25: =E2 -> 43191 | F25: =F2 -> 43221 | G25: =G2 -> 43252 | H25: =H2 -> 43282 | I25: =I2 -> 43313 | ... M25: =M2 -> 43435 | N25: TOTAL | O25: 43466 | P25: 43497 | Q25: 43525
A26: Alpha France | B26: =B13*B5 -> 0 | C26: 0 | D26: 0 | E26: =E13*'données réelles'!$B$16 -> 298 | F26: =F13*'données réelles'!$B$16 -> 0 | G26: =G13*'données réelles'!$B$16 -> 298 | H26: =H13*'données réelles'!$B$16 -> 0 | I26: =I13*'données réelles'!$B$16 -> 0 | J26: =J13*'données réelles'!$B$16 -> 149 | K26: =K13*'données réelles'!$B$16 -> 0 | L26: =L13*'données réelles'!$B$16 -> 0 | M26: =M13*'données réelles'!$B$16 -> 298 | N26: =SUM(B26:M26) -> 1043 | O26: =O13*'données prév'!$I$24 -> 0 | P26: =P13*'données prév'!$I$24 -> 0 | Q26: =Q13*'données réelles'!$B$16 -> 149
A27: Alpha Export | B27: =B5*B14 -> 346.18182 | C27: =C5*C14 -> 0 | D27: =D5*D14 -> 0 | E27: =E5*E14 -> 162.73504 | F27: =F5*F14 -> 162.73504 | G27: =G5*G14 -> 0 | H27: =H5*H14 -> 0 | I27: =I5*I14 -> 488.20513 | ... M27: =M5*M14 -> 0 | N27: =SUM(B27:M27) -> 1322.5921 | O27: =O14*'données prév'!$I$24 -> 0 | P27: =P14*'données prév'!$I$24 -> 0 | Q27: =Q14*'données prév'!$I$24 -> 0
A28: TOTAL ALPHA | B28: =SUM(B26:B27) -> 346.18182 | C28: =SUM(C26:C27) -> 0 | D28: =SUM(D26:D27) -> 0 | E28: =SUM(E26:E27) -> 460.73504 | F28: =SUM(F26:F27) -> 162.73504 | G28: =SUM(G26:G27) -> 298 | H28: =SUM(H26:H27) -> 0 | I28: =SUM(I26:I27) -> 488.20513 | ... Q28: =SUM(Q26:Q27) -> 149
A29: Beta France | B29: 0 | C29: 0 | D29: 0 | E29: =E16*'données réelles'!$B$17 -> 0 | F29: =F16*'données réelles'!$B$17 -> 508 | G29: =G16*'données réelles'!$B$17 -> 508 | H29: =H16*'données réelles'!$B$17 -> 254 | I29: =I16*'données réelles'!$B$17 -> 0 | J29: =J16*'données réelles'!$B$17 -> 0 | K29: =K16*'données réelles'!$B$17 -> 0 | L29: =L16*'données réelles'!$B$17 -> 508 | M29: =M16*'données réelles'!$B$17 -> 0 | N29: =SUM(B29:M29) -> 1778 | O29: =O16*'données réelles'!$B$17 -> 508 | P29: =P16*'données réelles'!$B$17 -> 254 | Q29: =Q16*'données prév'!$I$26 -> 0
A30: Beta export | B30: =B17*B7 -> 572.72727 | C30: =C17*C7 -> 0 | D30: =D17*D7 -> 0 | E30: =E17*E7 -> 0 | F30: =F17*F7 -> 0 | G30: =G17*G7 -> 0 | H30: =H17*H7 -> 807.69231 | I30: =I17*I7 -> 0 | ... M30: =M17*M7 -> 0 | N30: =SUM(B30:M30) -> 1380.4196 | O30: =O17*K7 -> 0 | P30: =P17*L7 -> 538.46154 | Q30: =Q17*M7 -> 0
A31: TOTAL BETA | B31: =SUM(B29:B30) -> 572.72727 | C31: =SUM(C29:C30) -> 0 | D31: =SUM(D29:D30) -> 0 | E31: =SUM(E29:E30) -> 0 | F31: =SUM(F29:F30) -> 508 | G31: =SUM(G29:G30) -> 508 | H31: =SUM(H29:H30) -> 1061.6923 | I31: =SUM(I29:I30) -> 0 | ... Q31: =SUM(Q29:Q30) -> 0
A32: gamma France | B32: 0 | C32: 0 | D32: 0 | E32: =E19*'données réelles'!$B$18 -> 0 | F32: =F19*'données réelles'!$B$18 -> 505 | G32: =G19*'données réelles'!$B$18 -> 0 | H32: =H19*'données réelles'!$B$18 -> 0 | I32: =I19*'données réelles'!$B$18 -> 505 | J32: =J19*'données réelles'!$B$18 -> 0 | K32: =K19*'données réelles'!$B$18 -> 0 | L32: =L19*'données réelles'!$B$18 -> 0 | M32: =M19*'données réelles'!$B$18 -> 0 | N32: =SUM(B32:M32) -> 1010 | O32: =O19*'données réelles'!$B$18 -> 0 | P32: =P19*'données réelles'!$B$18 -> 505 | Q32: =Q19*'données réelles'!$B$18 -> 0
A33: gamma Export | B33: =B20*B9 -> 1136.5455 | C33: =C20*C9 -> 0 | D33: =D20*D9 -> 0 | E33: =E20*E9 -> 0 | F33: =F20*F9 -> 0 | G33: =G20*G9 -> 534.2735 | H33: =H20*H9 -> 0 | I33: =I20*I9 -> 0 | ... M33: =M20*M9 -> 0 | N33: =SUM(B33:M33) -> 1670.819 | O33: =O20*K9 -> 534.2735 | P33: =P20*L9 -> 0 | Q33: =Q20*M9 -> 534.2735
A34: TOTAL GAMMA | B34: =SUM(B32:B33) -> 1136.5455 | C34: =SUM(C32:C33) -> 0 | D34: =SUM(D32:D33) -> 0 | E34: =SUM(E32:E33) -> 0 | F34: =SUM(F32:F33) -> 505 | G34: =SUM(G32:G33) -> 534.2735 | H34: =SUM(H32:H33) -> 0 | I34: =SUM(I32:I33) -> 505 | ... Q34: =SUM(Q32:Q33) -> 534.2735
A35: Produits en série | B35: =B22*'données réelles'!$B$19 -> 754.11 | C35: =C22*'données réelles'!$B$19 -> 728.46 | D35: =D22*'données réelles'!$B$19 -> 815.67 | E35: =E22*'données réelles'!$B$19 -> 682.29 | F35: =F22*'données réelles'!$B$19 -> 615.6 | G35: =G22*'données réelles'!$B$19 -> 1000.35 | H35: =H22*'données réelles'!$B$19 -> 333.45 | I35: =I22*'données réelles'!$B$19 -> 196.992 | ... M35: =M22*'données réelles'!$B$19 -> 478.116 | N35: =SUM(B35:M35) -> 7623.18
A38: BUDGET DES ACHATS
B39: =B25 -> 43101 | C39: =C25 -> 43132 | D39: =D25 -> 43160 | E39: =E25 -> 43191 | F39: =F25 -> 43221 | G39: =G25 -> 43252 | H39: =H25 -> 43282 | I39: =I25 -> 43313 | ... M39: =M25 -> 43435 | N39: TOTAL
A40: Alpha France | B40: 0 | C40: 0 | D40: =('coûts réels'!$B$40/1000)*'données réelles'!B3 -> 154 | E40: =('coûts réels'!$B$40/1000)*'données réelles'!C3 -> 0 | F40: =('coûts réels'!$B$40/1000)*'données réelles'!D3 -> 154 | G40: =('coûts réels'!$B$40/1000)*'données réelles'!E3 -> 0 | H40: =('coûts réels'!$B$40/1000)*'données réelles'!F3 -> 0 | I40: =('coûts réels'!$B$40/1000)*'données réelles'!G3 -> 77 | J40: =('coûts réels'!$B$40/1000)*'données réelles'!H3 -> 0 | K40: =('coûts réels'!$B$40/1000)*'données réelles'!I3 -> 0 | ... M40: =('coûts réels'!$B$40/1000)*'données réelles'!K3 -> 0 | N40: =SUM(B40:M40) -> 539 | O40: =('coûts réels'!$B$40/1000)*'données réelles'!L3 -> 0 | P40: =('coûts réels'!$B$40/1000)*'données réelles'!M3 -> 77
A41: Alpha Export | B41: 0 | C41: 0 | D41: =('coûts réels'!$B$40/1000)*'données réelles'!B4 -> 77 | E41: =('coûts réels'!$B$40/1000)*'données réelles'!C4 -> 77 | F41: =('coûts réels'!$B$40/1000)*'données réelles'!D4 -> 0 | G41: =('coûts réels'!$B$40/1000)*'données réelles'!E4 -> 0 | H41: =('coûts réels'!$B$40/1000)*'données réelles'!F4 -> 231 | I41: =('coûts réels'!$B$40/1000)*'données réelles'!G4 -> 0 | J41: =('coûts réels'!$B$40/1000)*'données réelles'!H4 -> 77 | K41: =('coûts réels'!$B$40/1000)*'données réelles'!I4 -> 0 | ... M41: =('coûts réels'!$B$40/1000)*'données réelles'!K4 -> 0 | N41: =SUM(B41:M41) -> 462 | O41: =('coûts réels'!$B$40/1000)*'données réelles'!L4 -> 0 | P41: =('coûts réels'!$B$40/1000)*'données réelles'!M4 -> 0
A42: Beta France | B42: 0 | C42: 0 | D42: ='coûts réels'!$B$41/1000*'données réelles'!B6 -> 0 | E42: ='coûts réels'!$B$41/1000*'données réelles'!C6 -> 204 | F42: ='coûts réels'!$B$41/1000*'données réelles'!D6 -> 204 | G42: ='coûts réels'!$B$41/1000*'données réelles'!E6 -> 102 | H42: ='coûts réels'!$B$41/1000*'données réelles'!F6 -> 0 | I42: ='coûts réels'!$B$41/1000*'données réelles'!G6 -> 0 | J42: ='coûts réels'!$B$41/1000*'données réelles'!H6 -> 0 | K42: ='coûts réels'!$B$41/1000*'données réelles'!I6 -> 204 | ... M42: ='coûts réels'!$B$41/1000*'données réelles'!K6 -> 204 | N42: =SUM(B42:M42) -> 918 | O42: ='coûts réels'!$B$41/1000*'données réelles'!L6 -> 102 | P42: ='coûts réels'!$B$41/1000*'données réelles'!M6 -> 0
A43: Beta export | B43: 0 | C43: 0 | D43: ='coûts réels'!$B$41/1000*'données réelles'!B7 -> 0 | E43: ='coûts réels'!$B$41/1000*'données réelles'!C7 -> 0 | F43: ='coûts réels'!$B$41/1000*'données réelles'!D7 -> 0 | G43: ='coûts réels'!$B$41/1000*'données réelles'!E7 -> 306 | H43: ='coûts réels'!$B$41/1000*'données réelles'!F7 -> 0 | I43: ='coûts réels'!$B$41/1000*'données réelles'!G7 -> 0 | J43: ='coûts réels'!$B$41/1000*'données réelles'!H7 -> 0 | K43: ='coûts réels'!$B$41/1000*'données réelles'!I7 -> 0 | ... M43: ='coûts réels'!$B$41/1000*'données réelles'!K7 -> 0 | N43: =SUM(B43:M43) -> 306 | O43: ='coûts réels'!$B$41/1000*'données réelles'!L7 -> 204 | P43: ='coûts réels'!$B$41/1000*'données réelles'!M7 -> 0
A44: gamma France | B44: 0 | C44: 0 | D44: ='données réelles'!B9*'coûts réels'!$B$42/1000 -> 0 | E44: ='données réelles'!C9*'coûts réels'!$B$42/1000 -> 247 | F44: ='données réelles'!D9*'coûts réels'!$B$42/1000 -> 0 | G44: ='données réelles'!E9*'coûts réels'!$B$42/1000 -> 0 | H44: ='données réelles'!F9*'coûts réels'!$B$42/1000 -> 247 | I44: ='données réelles'!G9*'coûts réels'!$B$42/1000 -> 0 | J44: ='données réelles'!H9*'coûts réels'!$B$42/1000 -> 0 | K44: ='données réelles'!I9*'coûts réels'!$B$42/1000 -> 0 | ... M44: ='données réelles'!K9*'coûts réels'!$B$42/1000 -> 0 | N44: =SUM(B44:M44) -> 494 | O44: ='données réelles'!L9*'coûts réels'!$B$42/1000 -> 247 | P44: ='données réelles'!M9*'coûts réels'!$B$42/1000 -> 0
A45: gamma Export | B45: 0 | C45: 0 | D45: ='données réelles'!B10*'coûts réels'!$B$42/1000 -> 0 | E45: ='données réelles'!C10*'coûts réels'!$B$42/1000 -> 0 | F45: ='données réelles'!D10*'coûts réels'!$B$42/1000 -> 247 | G45: ='données réelles'!E10*'coûts réels'!$B$42/1000 -> 0 | H45: ='données réelles'!F10*'coûts réels'!$B$42/1000 -> 0 | I45: ='données réelles'!G10*'coûts réels'!$B$42/1000 -> 0 | J45: ='données réelles'!H10*'coûts réels'!$B$42/1000 -> 0 | K45: ='données réelles'!I10*'coûts réels'!$B$42/1000 -> 0 | ... M45: ='données réelles'!K10*'coûts réels'!$B$42/1000 -> 247 | N45: =SUM(B45:M45) -> 494 | O45: ='données réelles'!L10*'coûts réels'!$B$42/1000 -> 0 | P45: ='données réelles'!M10*'coûts réels'!$B$42/1000 -> 247
A46: Produits en série | B46: ='coûts réels'!$B$43/1000*'données réelles'!B12 -> 221.97 | C46: ='coûts réels'!$B$43/1000*'données réelles'!C12 -> 214.42 | D46: ='coûts réels'!$B$43/1000*'données réelles'!D12 -> 240.09 | E46: ='coûts réels'!$B$43/1000*'données réelles'!E12 -> 200.83 | F46: ='coûts réels'!$B$43/1000*'données réelles'!F12 -> 181.2 | G46: ='coûts réels'!$B$43/1000*'données réelles'!G12 -> 294.45 | H46: ='coûts réels'!$B$43/1000*'données réelles'!H12 -> 98.15 | I46: ='coûts réels'!$B$43/1000*'données réelles'!I12 -> 57.984 | ... M46: ='coûts réels'!$B$43/1000*'données réelles'!M12 -> 140.732 | N46: =SUM(B46:M46) -> 2243.86
A47: garantie sur achats | B47: ='état fi prévis'!$G$60/6 -> 23.333333 | C47: ='état fi prévis'!$G$60/6 -> 23.333333 | D47: ='état fi prévis'!$G$60/6 -> 23.333333 | E47: ='état fi prévis'!$G$60/6 -> 23.333333 | F47: ='état fi prévis'!$G$60/6 -> 23.333333 | G47: ='état fi prévis'!$G$60/6 -> 23.333333 | N47: =SUM(B47:M47) -> 140
A48: TOTAL ACHATS | B48: =SUM(B40:B47) -> 245.30333 | C48: =SUM(C40:C47) -> 237.75333 | D48: =SUM(D40:D47) -> 494.42333 | E48: =SUM(E40:E47) -> 752.16333 | F48: =SUM(F40:F47) -> 809.53333 | G48: =SUM(G40:G47) -> 725.78333 | H48: =SUM(H40:H47) -> 576.15 | I48: =SUM(I40:I47) -> 134.984 | ... M48: =SUM(M40:M47) -> 591.732 | N48: =SUM(B48:M48) -> 5596.86
A66: BUDGET DE TRESORERIE
B67: ='données réelles'!B32 -> 43101 | C67: ='données réelles'!C32 -> 43132 | D67: ='données réelles'!D32 -> 43160 | E67: ='données réelles'!E32 -> 43191 | F67: ='données réelles'!F32 -> 43221 | G67: ='données réelles'!G32 -> 43252 | H67: ='données réelles'!H32 -> 43282 | I67: ='données réelles'!I32 -> 43313 | ... M67: ='données réelles'!M32 -> 43435
A68: Trésorerie début de mois | B68: ='état fi prévis'!D68-'état fi prévis'!G64 -> -420 | C68: =B74 -> -1560.875 | D68: =C74 -> -315.425 | E68: =D74 -> -842.33172 | F68: =E74 -> -555.78587 | G68: =F74 -> -1015.3998 | H68: =G74 -> -1541.3566 | I68: =H74 -> -1169.8436 | J68: =I74 -> -606.24259 | ... M68: =L74 -> -307.19326
A69: Solde encaissement - décaissement | B69: ='données réelles'!B33 -> -1140 | C69: ='données réelles'!C33 -> 1250 | D69: ='données réelles'!D33 -> -526 | E69: ='données réelles'!E33 -> 289 | F69: ='données réelles'!F33 -> -458 | G69: ='données réelles'!G33 -> -523 | H69: ='données réelles'!H33 -> 376 | I69: ='données réelles'!I33 -> 567 | ... M69: ='données réelles'!M33 -> -568
A70: Trésorerie fin de mois | B70: =B68+B69 -> -1560 | C70: =C68+C69 -> -310.875 | D70: =D68+D69 -> -841.425 | E70: =E68+E69 -> -553.33172 | F70: =F68+F69 -> -1013.7859 | G70: =G68+G69 -> -1538.3998 | H70: =H68+H69 -> -1165.3566 | I70: =I68+I69 -> -602.84363 | ... M70: =M68+M69 -> -875.19326
A71: intérêt sur CBC | B71: =-B68*2.5%/12 -> 0.875
A72: intérêts sur découvert | B72: =IF(A70<0,-A70*3.5%/12,0) -> 0 | C72: =IF(B70<0,-B70*3.5%/12,0) -> 4.55 | D72: =IF(C70<0,-C70*3.5%/12,0) -> 0.90671875 | E72: =IF(D70<0,-D70*3.5%/12,0) -> 2.4541563 | F72: =IF(E70<0,-E70*3.5%/12,0) -> 1.6138842 | G72: =IF(F70<0,-F70*3.5%/12,0) -> 2.9568755 | H72: =IF(G70<0,-G70*3.5%/12,0) -> 4.4869993 | I72: =IF(H70<0,-H70*3.5%/12,0) -> 3.3989569 | ... M72: =IF(L70<0,-L70*3.5%/12,0) -> 0.89034874 | N72: =SUM(B71:M72) -> 29.08361
A73: intérêts sur placement | B73: =IF(B70>0,B70*0.8%/12,0) -> 0 | C73: =IF(B70>0,B70*0.8%,0) -> 0 | D73: =IF(C70>0,C70*0.8%/12,0) -> 0 | E73: =IF(D70>0,D70*0.8%/12,0) -> 0 | F73: =IF(E70>0,E70*0.8%/12,0) -> 0 | G73: =IF(F70>0,F70*0.8%/12,0) -> 0 | H73: =IF(G70>0,G70*0.8%/12,0) -> 0 | I73: =IF(H70>0,H70*0.8%/12,0) -> 0 | J73: =IF(I70>0,I70*0.8%/12,0) -> 0 | K73: =IF(J70>0,J70*0.8%/12,0) -> 0 | ... M73: =IF(L70>0,L70*0.8%/12,0) -> 0 | N73: =SUM(B73:M73) -> 0
A74: trésorerie ajustée | B74: =SUM(B70-B71-B72+B73) -> -1560.875 | C74: =SUM(C70-C71-C72+C73) -> -315.425 | D74: =SUM(D70-D71-D72+D73) -> -842.33172 | E74: =SUM(E70-E71-E72+E73) -> -555.78587 | F74: =SUM(F70-F71-F72+F73) -> -1015.3998 | G74: =SUM(G70-G71-G72+G73) -> -1541.3566 | H74: =SUM(H70-H71-H72+H73) -> -1169.8436 | I74: =SUM(I70-I71-I72+I73) -> -606.24259 | ... L74: =SUM(L70-L71-L72+L73) -> -307.19326 | M74: =M70-M72+M73 -> -876.08361

Sheet état fi réel
A1: Compte de Résultat analytique de 2018 | K1: Compte de Résultat comptable - 2018
M2: réel | N2: budget | O2: écart | P2: sens
B3: Alpha | C3: beta | D3: gamma | E3: serie | F3: total REEL | G3: total PREVU | H3: écart | I3: sens | K3: Ventes | M3: =F5 -> 15828.011 | N3: ='état fi prévis'!J2 -> 15955.538 | O3: =M3-N3 -> -127.52698
K4: var stocks PF/EnCours | M4: =K44-P36 -> -463.55806 | N4: ='état fi prévis'!J3 -> -452.10924 | O4: =M4-N4 -> 485.12246
A5: Chiffre d'affaires | B5: ='Tréso réelle'!N28 -> 2365.5921 | C5: ='Tréso réelle'!N31 -> 3158.4196 | D5: ='Tréso réelle'!N34 -> 2680.819 | E5: ='Tréso réelle'!N35 -> 7623.18 | F5: =SUM(B5:E5) -> 15828.011 | G5: ='état fi prévis'!F4 -> 15955.538 | H5: =F5-G5 -> -127.52698 | K5: reprise provisions | M5: ='état fi prévis'!C65+'état fi prévis'!G60 -> 390 | N5: ='état fi prévis'!J4 -> 390 | O5: =M5-N5 -> 0
H6: =F6-G6 -> 0 | K6: Total produits d'exploitation | M6: =SUM(M3:M5) -> 16251.024 | N6: ='état fi prévis'!J5 -> 15893.428 | O6: =M6-N6 -> 357.59549
A7: coût des ventes | B7: =H47 -> 1953.3093 | F7: 10700 | G7: ='état fi prévis'!F6 -> 10507.244 | H7: =F7-G7 -> 192.75607 | N7: ='état fi prévis'!J6 -> 0 | O7: =M7-N7 -> 0
A8: transport sur ventes | B8: ='coûts réels'!$M$21*'état fi réel'!B5/'état fi réel'!$F$5 -> 37.364015 | C8: ='coûts réels'!$M$21*'état fi réel'!C5/'état fi réel'!$F$5 -> 49.886553 | D8: ='coûts réels'!$M$21*'état fi réel'!D5/'état fi réel'!$F$5 -> 42.342955 | E8: ='coûts réels'!$M$21*'état fi réel'!E5/'état fi réel'!$F$5 -> 120.40648 | F8: =SUM(B8:E8) -> 250 | G8: ='état fi prévis'!F7 -> 250 | H8: =F8-G8 -> 0 | K8: Achats | M8: ='Tréso réelle'!N48 -> 5596.86 | N8: ='état fi prévis'!J7 -> 5490.6293 | O8: =M8-N8 -> 106.2307
A9: assurance RC | B9: ='coûts réels'!$M$20*'état fi réel'!B5/'état fi réel'!$F$5 -> 18.682007 | C9: ='coûts réels'!$M$20*'état fi réel'!C5/'état fi réel'!$F$5 -> 24.943277 | D9: ='coûts réels'!$M$20*'état fi réel'!D5/'état fi réel'!$F$5 -> 21.171477 | E9: ='coûts réels'!$M$20*'état fi réel'!E5/'état fi réel'!$F$5 -> 60.203239 | F9: =SUM(B9:E9) -> 125 | G9: ='état fi prévis'!F8 -> 125 | H9: =F9-G9 -> 0 | K9: Variation de stocks MP | N9: ='état fi prévis'!J8 -> 0 | O9: =M9-N9 -> 0
A10: Provision garanties | B10: =0.8%*B5 -> 18.924737 | C10: =0.8%*C5 -> 25.267357 | D10: =0.8%*D5 -> 21.446552 | E10: =0.8%*E5 -> 60.98544 | F10: =SUM(B10:E10) -> 126.62408 | G10: ='état fi prévis'!F9 -> 127.6443 | H10: =F10-G10 -> -1.0202158 | K10: services extérieurs | M10: =SUM('coûts réels'!B11:B27)-'coûts réels'!B22 -> 2285.2 | N10: ='état fi prévis'!J9 -> 2285.2 | O10: =M10-N10 -> 0
A11: coût de la sous activité | F11: =('données réelles'!C66*'coûts réels'!C35+'données réelles'!E66*'coûts réels'!D35+'données réelles'!G66*'coûts réels'!E35+'données réelles'!I66*'coûts réels'!F35)/1000 -> 373.49545 | G11: ='état fi prévis'!F10 -> 183.83793 | H11: =F11-G11 -> 189.65751 | K11: Charges de personnel | M11: ='coûts réels'!B9+'coûts réels'!B10 -> 5918.9685 | N11: ='état fi prévis'!J10 -> 5810.2467 | O11: =M11-N11 -> 108.72178
H12: =F12-G12 -> 0 | K12: Impôts et taxes | M12: ='coûts réels'!B22 -> 210 | N12: ='état fi prévis'!J11 -> 210 | O12: =M12-N12 -> 0
A13: Marge brute | B13: =B5-SUM(B7:B10) -> -213.66624 | C13: =C5-SUM(C7:C10) -> 3058.3224 | D13: =D5-SUM(D7:D10) -> 2595.858 | E13: =E5-SUM(E7:E10) -> 7381.5848 | F13: =F5-SUM(F7:F11) -> 4252.8911 | G13: ='état fi prévis'!F12 -> 4761.8114 | H13: =F13-G13 -> -508.92034 | K13: Perte sur créance irrécouv | M13: ='état fi prévis'!C65 -> 250 | N13: ='état fi prévis'!J12 -> 250 | O13: =M13-N13 -> 0
B14: =B13/B5 -> -0.090322523 | C14: =C13/C5 -> 0.96830782 | D14: =D13/D5 -> 0.96830782 | E14: =E13/E5 -> 0.96830782 | F14: =F13/F5 -> 0.26869397 | H14: =F14-G14 -> 0.26869397 | K14: Dotation amortissements | M14: ='coûts réels'!B28 -> 840 | N14: ='état fi prévis'!J13 -> 840 | O14: =M14-N14 -> 0
H15: =F15-G15 -> 0 | K15: Dotation provisions | M15: =F10 -> 126.62408 | N15: ='état fi prévis'!J14 -> 127.6443 | O15: =M15-N15 -> -1.0202158
A16: R&D | G16: ='état fi prévis'!F15 -> 256.0806 | H16: =F16-G16 -> -256.0806 | K16: Total charges d'exploitation | M16: =SUM(M8:M15) -> 15227.653 | N16: ='état fi prévis'!J15 -> 15013.72 | O16: =M16-N16 -> 213.93226
A17: Service Commercial | F17: ='coûts réels'!I33 -> 2348.0774 | G17: ='état fi prévis'!F16 -> 2340.9978 | H17: =F17-G17 -> 7.0796242 | N17: ='état fi prévis'!J16 -> 0 | O17: =M17-N17 -> 0
A18: Service Administratif | F18: ='coûts réels'!J33 -> 855.46929 | G18: ='état fi prévis'!F17 -> 790.09999 | H18: =F18-G18 -> 65.369303 | K18: Résultat d'exploitation | M18: =M6-M16 -> 1023.3713 | N18: ='état fi prévis'!J17 -> 879.70806 | O18: =M18-N18 -> 143.66323
A19: Service Achats | F19: ='coûts réels'!H33 -> 287.07346 | G19: ='état fi prévis'!F18 -> 284.5627 | H19: =F19-G19 -> 2.5107678 | N19: ='état fi prévis'!J18 -> 0 | O19: =M19-N19 -> 0
A20: Autres coûts | F20: ='coûts réels'!B22 -> 210 | G20: ='état fi prévis'!F19 -> 210 | H20: =F20-G20 -> 0 | K20: Produits financiers | M20: ='Tréso réelle'!N73 -> 0 | N20: ='état fi prévis'!J19 -> 0.82362587 | O20: =M20-N20 -> -0.82362587
H21: =F21-G21 -> 0 | K21: Charges financières | M21: ='Tréso réelle'!N72+SUM('tréso prév'!B125:M125) -> 80.38361 | N21: ='état fi prévis'!J20 -> 63.149394 | O21: =M21-N21 -> 17.234216
A22: Résultat exploitation | F22: =F13-SUM(F16:F20) -> 552.27091 | G22: ='état fi prévis'!F21 -> 880.07036 | H22: =F22-G22 -> -327.79944 | N22: ='état fi prévis'!J21 -> 0 | O22: =M22-N22 -> 0
H23: =F23-G23 -> 0 | K23: Résultat courant | M23: =M18-(M20-M21) -> 1103.7549 | N23: ='état fi prévis'!J22 -> 817.3823 | O23: =M23-N23 -> 286.3726
H24: =F24-G24 -> 0 | O24: =M24-N24 -> 0
A25: résultat financier | F25: =M20-M21 -> -80.38361 | G25: ='état fi prévis'!F26 -> -62.325769 | H25: =F25-G25 -> -18.057842 | K25: Impôt | M25: =M23*1/3 -> 367.9183 | N25: 272 | O25: =M25-N25 -> 95.9183
A26: Impôt | F26: =(F22+F25)*1/3 -> 157.29577 | G26: ='état fi prévis'!F27 -> 272.58153 | H26: =F26-G26 -> -115.28576 | K26: Participation | N26: 0 | O26: =M26-N26 -> 0
A27: Participation | G27: ='état fi prévis'!F28 -> 0 | H27: =F27-G27 -> 0 | O27: =M27-N27 -> 0
A28: Résultat net | F28: =F22-F26 -> 394.97515 | G28: ='état fi prévis'!F29 -> 545.16306 | H28: =F28-G28 -> -150.18791 | K28: Résultat net | M28: =M23-M25 -> 735.8366 | N28: ='état fi prévis'!J29 -> 544.92153 | O28: =M28-N28 -> 190.91507
H30: en cours fin décembre
A31: Analyse des encours REELS fin 2018 | D31: machines Alpha | G31: machines Béta | J31: machines Gamma | N31: Stock initial d'en cours
A32: date de la commande | C32: octobre | D32: novembre | E32: décembre | F32: octobre | G32: novembre | H32: décembre | I32: octobre | J32: novembre | K32: décemb | N32: achats | O32: hh | P32: encours tot
A33: nb de machines commandées | C33: ='données réelles'!K5 -> 0 | D33: ='données réelles'!L5 -> 0 | E33: ='données réelles'!M5 -> 1 | F33: ='données réelles'!K8 -> 2 | G33: ='données réelles'!L8 -> 3 | H33: ='données réelles'!M8 -> 0 | I33: ='données réelles'!K11 -> 1 | J33: ='données réelles'!L11 -> 1 | K33: ='données réelles'!M11 -> 1 | M33: alpha | N33: 150 | O33: 79.731544 | P33: 229.73154
A34: début production | E34: janvier | F34: novembre | G34: décembre | H34: janvier | I34: novembre | J34: décembre | K34: janvier | M34: beta | N34: 200 | O34: 124.91275 | P34: 324.91275
A35: mois d'engagemt des heur d'études | E35: janvier | F35: novembre | G35: décembre | H35: janvier | I35: novembre | J35: décembre | K35: janvier | M35: gamma | N35: 480 | O35: 191.3557 | P35: 671.3557
A36: mois d'engagemt des achats | E36: février | F36: décembre | G36: janvier | H36: février | I36: décembre | J36: janvier | K36: février | P36: 1226
A37: mois d'engagemt de l'usinage | E37: février | F37: décembre | G37: janvier | H37: février | I37: décembre | J37: janvier | K37: février
A38: mois d'engagemt du montage | E38: mars | F38: janvier | G38: février | H38: mars | I38: janvier | J38: février | K38: mars
A39: Evaluation encours | B39: achat | E39: bureau d'étude | H39: usinage 1 et 2
A40: finaux fin 2018 | B40: nb de machines | C40: coût par machine | D40: montant | E40: nb de machines | F40: coût par machine | G40: montant | H40: nb de machines | I40: coût par machine | J40: montant | K40: TOTAL
A41: alpha | B41: =C33 -> 0 | C41: ='coûts réels'!B40/1000 -> 77 | D41: =B41*C41 -> 0 | E41: =C33+D33 -> 0 | F41: ='coûts réels'!C40/1000 -> 13.145233 | G41: =E41*F41 -> 0 | H41: =C33 -> 0 | I41: =('coûts réels'!E40+'coûts réels'!F40)/1000 -> 22.848313 | J41: =H41*I41 -> 0 | K41: =D41+G41+J41 -> 0
A42: beta | B42: =F33 -> 2 | C42: ='coûts réels'!B41/1000 -> 102 | D42: =B42*C42 -> 204 | E42: =F33+G33 -> 5 | F42: ='coûts réels'!C41/1000 -> 24.412576 | G42: =E42*F42 -> 122.06288 | H42: =F33 -> 2 | I42: =('coûts réels'!E41+'coûts réels'!F41)/1000 -> 32.183984 | J42: =H42*I42 -> 64.367968 | K42: =D42+G42+J42 -> 390.43085
A43: gamma | B43: =I33 -> 1 | C43: ='coûts réels'!B42/1000 -> 247 | D43: =B43*C43 -> 247 | E43: =I33+J33 -> 2 | F43: ='coûts réels'!C42/1000 -> 37.557809 | G43: =E43*F43 -> 75.115618 | H43: =I33 -> 1 | I43: =('coûts réels'!E42+'coûts réels'!F42)/1000 -> 49.895476 | J43: =H43*I43 -> 49.895476 | K43: =D43+G43+J43 -> 372.01109
K44: =SUM(K41:K43) -> 762.44194
A45: coût REEL | B45: machines produites en 2018 | E45: machines produites en 2017/2018 | H45: coût total des ventes
A46: des ventes | B46: quantité | C46: PU | D46: montant | E46: encours fin17 | F46: ct montage 2018 | G46: total | H46: des ventes
A47: alpha | B47: ='Tréso réelle'!N15-2 -> 13 | C47: ='coûts réels'!H40 -> 130.47182 | D47: =B47*C47 -> 1696.1336 | E47: =P33 -> 229.73154 | F47: =2*'coûts réels'!F40/1000 -> 27.444178 | G47: =SUM(E47:F47) -> 257.17572 | H47: =D47+G47 -> 1953.3093 | K47: =K44-P36 -> -463.55806
A48: beta | B48: ='Tréso réelle'!N18-2 -> 10 | C48: ='coûts réels'!H41 -> 185.48621 | D48: =B48*C48 -> 1854.8621 | E48: =P34 -> 324.91275 | F48: =2*'coûts réels'!F41/1000 -> 37.42388 | G48: =SUM(E48:F48) -> 362.33663 | H48: =D48+G48 -> 2217.1987
A49: gamma | B49: ='Tréso réelle'!N21-2 -> 3 | C49: ='coûts réels'!H42 -> 376.13224 | D49: =B49*C49 -> 1128.3967 | E49: =P35 -> 671.3557 | F49: =2*'coûts réels'!F42/1000 -> 64.155222 | G49: =SUM(E49:F49) -> 735.51093 | H49: =D49+G49 -> 1863.9076
A50: produits en série | B50: ='Tréso réelle'!N22 -> 14860 | C50: ='coûts réels'!H43 -> 0.31393664 | D50: =B50*C50 -> 4665.0984 | H50: =D50+G50 -> 4665.0984
H51: =SUM(H47:H50) -> 10699.514

Sheet Feuil1
